Cogmind - Beta 15 @@@ ROGUE MODE // 2025.10.04 @ 08:12:11 Player: Dosh Result: Destroyed 0b10! Performance ------------- Evolutions (9) 4500 Regions Visited (39) 7800 Robots Destroyed (313) 1565 Value Destroyed (10270) 10270 Prototype IDs (96) 1920 Alien Tech Used (7) 1400 Bonus (29259) 29259 TOTAL SCORE: 56714 Bonus ------- Triggered Max Security 3000 High Alert Combat Kills 404 Follower Combat Kills 2538 Entered Garrisons 400 Network Hubs Disabled 600 Met Data Miner 300 Acquired ECA 300 Met Zhirov 300 Built Enhanced Grunts 300 A7 Reached Mainframe 300 Used Core Reset Matrix 3000 Met Sigix 2000 Activated Exoskeleton 3000 Escaped with Exo-Sigix 10000 Win 3000 Friendly Fire -183 Cogmind --------- Core Integrity 1508/1600 Matter 70/300 Energy 826/830 System Corruption 0% Temperature Cool (9) Movement Flying (11) Location Tau Ceti IV Orbit Parts ------- > --- POWER (2) -------- Graviton Reactor Graviton Reactor > --- PROPULSION (9) --- Cooled Nuclear Pulse Thruster Cooled Nuclear Pulse Thruster Cooled Impulse Thruster Cooled Impulse Thruster Cooled Impulse Thruster Cooled Impulse Thruster Cooled Impulse Thruster Cooled Impulse Thruster Cooled Impulse Thruster > --- UTILITY (12) ----- Medium Storage Unit Quantum Shading Machine Experimental Sensor Array Experimental Signal Interpreter Experimental Terrain Scanner Experimental Terrain Scan Processor Experimental Reaction Control System Experimental Utility Shielding Centrium Medium Armor Plating Quantum Router > --- WEAPON (2) ------- Long-range Missile Launcher Nanosword > --- INVENTORY (10) --- Phase Redirector Transdimensional Reconstructor Peak State ------------ > --- POWER ------------ Graviton Reactor Graviton Reactor > --- PROPULSION ------- Cooled Nuclear Pulse Thruster Cooled Nuclear Pulse Thruster Cooled Impulse Thruster Cooled Impulse Thruster Cooled Impulse Thruster Cooled Impulse Thruster Cooled Impulse Thruster Cooled Impulse Thruster > --- UTILITY ---------- Medium Storage Unit Quantum Shading Machine Experimental Sensor Array Experimental Signal Interpreter Experimental Terrain Scanner Experimental Terrain Scan Processor Experimental Reaction Control System Experimental Utility Shielding Centrium Medium Armor Plating Phase Redirector Quantum Router > --- WEAPON ----------- Long-range Missile Launcher Nanosword > --- INVENTORY -------- Transdimensional Reconstructor Integrity Redistributor Integrity Redistributor Subatomic Replicator Terrabomb [Rating: 200] Favorites ----------- Power Enhanced Nuclear Core Engine Light Deuterium Engine Power Core Enhanced Nuclear Core Reactor Graviton Reactor Propulsion Cooled Nuclear Pulse Thruster Treads Medium Treads Flight Unit Cooled Nuclear Pulse Thruster Utility Experimental Hacking Suite Device Long-range Sensor Array Storage Huge Storage Unit Processor Advanced Signal Interpreter Hackware Experimental Hacking Suite Protection Experimental Utility Shielding Artifact Phase Redirector Weapon Enhanced Autogun Energy Cannon Phase Cannon Ballistic Gun Enhanced Autogun Ballistic Cannon Light Cannon Launcher Long-range Missile Launcher Slashing Weapon Katana Special Melee Weapon Datajack Build | -11 -10 -10 -8 -8 -8 -8 -7 -7 -7 -7 -7 -7 -6 -6 -6 -6 -6 -6 -6 -5 -5 -5 -5 -5 -5 -5 -5 -4 -4 -4 -4 -4 -4 -3 -3 -3 -3 -2 -1 ------- Run | Yrd Mat Sub Mat Gar Mat Gar Fac Was Fac Low Low Zio Pro Fac Was Fac Low Low Dat Pro Fac Was Fac Ext Cet Arc Hub Fac Was Fac Upp Upp Zhi Pro Res Qua Sec Res Acc Slots Evolved 18 | . . . 4 . . . 2 . . . . . . 2 . . . . . . 2 . . . . . . 2 . . . . . . 2 . . 2 2 Power 1 | . . . . . . . . . . . . . . . . . . . . . . . . . . . . 1 . . . . . . . . . . . Propulsion 7 | . . . 2 . . . 1 . . . . . . . . . . . . . . . . . . . . 1 . . . . . . . . . 2 1 Utility 10 | . . . 2 . . . 1 . . . . . . 2 . . . . . . 2 . . . . . . . . . . . . . 2 . . . 1 Weapon . | . . . . . . . . . . . . . . . . . . . . . . . . . . . . . . . . . . . . . . . . Parts Attached 190 | 6 7 7 32 1 7 3 12 . 6 . . 3 . 13 . 18 3 . 1 . 12 . 10 1 2 . 1 11 . 16 . . 1 . 10 2 4 . 1 Power 17 | 1 . 2 2 . 2 . 2 . 1 . . . . . . 1 . . . . . . . . . . . 4 . 1 . . . . 1 . . . . Engine 8 | 1 . 2 2 . 2 . 1 . . . . . . . . . . . . . . . . . . . . . . . . . . . . . . . . Core 5 | . . . . . . . 1 . 1 . . . . . . 1 . . . . . . . . . . . 2 . . . . . . . . . . . Reactor 4 | . . . . . . . . . . . . . . . . . . . . . . . . . . . . 2 . 1 . . . . 1 . . . . Propulsion 49 | 2 . 1 12 . 2 3 4 . 1 . . . . 5 . 5 . . . . 3 . 4 . . . . 1 . 3 . . . . 1 . 1 . 1 Treads 19 | 2 . 1 12 . 1 3 . . . . . . . . . . . . . . . . . . . . . . . . . . . . . . . . . Leg . | . . . . . . . . . . . . . . . . . . . . . . . . . . . . . . . . . . . . . . . . Wheel . | . . . . . . . . . . . . . . . . . . . . . . . . . . . . . . . . . . . . . . . . Hover . | . . . . . . . . . . . . . . . . . . . . . . . . . . . . . . . . . . . . . . . . Flight 30 | . . . . . 1 . 4 . 1 . . . . 5 . 5 . . . . 3 . 4 . . . . 1 . 3 . . . . 1 . 1 . 1 Utility 89 | 1 4 1 10 . 1 . 6 . 2 . . 3 . 7 . 10 2 . 1 . 8 . 5 1 2 . . 6 . 9 . . 1 . 6 2 1 . . Device 17 | . . . 4 . . . 2 . 1 . . . . 1 . 2 . . . . 1 . . . . . . 1 . 2 . . . . 2 . 1 . . Storage 6 | 1 3 . 1 . . . . . . . . . . . . . . . . . . . . . . . . . . . . . . . . 1 . . . Processor 7 | . . . . . . . 1 . . . . 2 . . . . 2 . . . . . . . . . . . . 1 . . . . 1 . . . . Hackware 37 | . . . . . . . 2 . 1 . . 1 . 5 . 5 . . 1 . 5 . 4 . . . . 5 . 6 . . . . 2 . . . . Protection 21 | . 1 1 5 . 1 . 1 . . . . . . 1 . 3 . . . . 2 . 1 1 2 . . . . . . . 1 . 1 . . . . Artifact 1 | . . . . . . . . . . . . . . . . . . . . . . . . . . . . . . . . . . . . 1 . . . Weapon 35 | 2 3 3 8 1 2 . . . 2 . . . . 1 . 2 1 . . . 1 . 1 . . . 1 . . 3 . . . . 2 . 2 . . Energy Gun . | . . . . . . . . . . . . . . . . . . . . . . . . . . . . . . . . . . . . . . . . Energy Cannon 10 | . . 1 3 . . . . . . . . . . . . 1 . . . . 1 . . . . . . . . 3 . . . . . . 1 . . Ballistic Gun 9 | 2 . . 5 1 1 . . . . . . . . . . . . . . . . . . . . . . . . . . . . . . . . . . Ballistic Cannon 3 | . 3 . . . . . . . . . . . . . . . . . . . . . . . . . . . . . . . . . . . . . . Launcher 3 | . . 1 . . . . . . 1 . . . . . . . 1 . . . . . . . . . . . . . . . . . . . . . . Special Weapon . | . . . . . . . . . . . . . . . . . . . . . . . . . . . . . . . . . . . . . . . . Impact Weapon . | . . . . . . . . . . . . . . . . . . . . . . . . . . . . . . . . . . . . . . . . Slashing Weapon 9 | . . 1 . . 1 . . . 1 . . . . . . 1 . . . . . . 1 . . . 1 . . . . . . . 2 . 1 . . Piercing Weapon . | . . . . . . . . . . . . . . . . . . . . . . . . . . . . . . . . . . . . . . . . Special Melee Weapon 1 | . . . . . . . . . . . . . . 1 . . . . . . . . . . . . . . . . . . . . . . . . . Unidentified Prototypes 20 | . . . 1 . 1 . 1 . . . . 3 . . . . . . 1 . 3 . . . 1 . . . . 1 . . 2 . 1 1 4 . . Parts Lost 27 | . . 4 2 1 2 4 . . . . . 2 . . 1 6 . . 1 . . . 1 . . . . 2 . 1 . . . . . . . . . Power 4 | . . 2 . . 1 . . . . . . . . . . . . . . . . . . . . . . 1 . . . . . . . . . . . Propulsion 10 | . . 1 1 . . 2 . . . . . . . . . 3 . . 1 . . . 1 . . . . 1 . . . . . . . . . . . Utility 8 | . . 1 1 . . 2 . . . . . 2 . . . 2 . . . . . . . . . . . . . . . . . . . . . . . Weapon 5 | . . . . 1 1 . . . . . . . . . 1 1 . . . . . . . . . . . . . 1 . . . . . . . . . Highest Loss Streak 4 | . . 4 2 1 1 1 . . . . . 2 . . 1 2 . . 1 . . . 1 . . . . 1 . 1 . . . . . . . . . To Critical Strikes . | . . . . . . . . . . . . . . . . . . . . . . . . . . . . . . . . . . . . . . . . Average Backups 10 | . 10 15 21 24 23 22 5 5 5 4 5 5 5 4 5 4 5 4 5 5 4 5 4 5 5 5 5 4 5 4 5 5 5 5 3 5 7 6 5 Power . | . 1 . 1 2 1 1 . 1 1 1 1 1 1 1 1 . 1 1 1 1 1 1 . 1 1 1 1 . . . 1 1 1 1 . . . . . Propulsion 2 | . 1 2 6 9 9 9 . . . . . . . . 1 . . . . . . 2 . 1 1 1 1 . . . 1 1 . . . 2 1 . . Utility 3 | . 3 6 5 6 6 5 1 2 1 3 4 4 4 2 2 1 2 2 2 2 1 1 1 2 2 2 2 2 4 3 3 3 3 3 1 2 2 . 1 Weapon 2 | . 4 5 7 7 7 7 2 2 1 . . . . . 1 2 2 1 2 2 1 1 . 1 1 1 1 1 1 . . . . . . . . . . Tool/Special . | . . . . . . . . . . . . . . . . . . . . . . . . . . . . . . . . . . . . . . . . Unused Backups 30 | . . . 4 . 9 . 5 . 3 2 . . . . . 1 . . 2 . 1 . 1 . . . . . . 1 . . . . . . . . 1 Power 1 | . . . . . . . . . 1 . . . . . . . . . . . . . . . . . . . . . . . . . . . . . . Propulsion 14 | . . . 2 . 9 . 2 . 1 . . . . . . . . . . . . . . . . . . . . . . . . . . . . . . Utility 7 | . . . . . . . 2 . . 1 . . . . . . . . 2 . 1 . 1 . . . . . . . . . . . . . . . . Weapon 5 | . . . 2 . . . 1 . . . . . . . . 1 . . . . . . . . . . . . . 1 . . . . . . . . . Tool/Special 3 | . . . . . . . . . 1 1 . . . . . . . . . . . . . . . . . . . . . . . . . . . . 1 Average Slot Usage (%) 97 | . 98 96 99 100 99 99 92 92 91 98 100 99 100 92 100 90 92 93 89 86 97 100 99 100 99 100 100 95 100 95 100 100 96 100 98 99 99 91 85 Engine 3 | . 14 11 7 7 7 8 4 . . . . . . . . . . . . . . . . . . . . . . . . . . . . . . . . Core 3 | . . . . . . . 2 7 7 7 7 7 7 6 6 6 6 6 6 6 5 5 5 5 5 5 5 8 5 5 5 5 5 5 1 . . . . Reactor 1 | . . . . . . . . . . . . . . . . . . . . . . . . . . . . 1 5 5 5 5 5 5 6 9 9 8 8 Treads 11 | . 28 27 32 30 30 32 2 . . . . . . . . . . . . . . . . . . . . . . . . . . . . . . . . Flight 19 | . . . . . . . 34 38 38 38 38 38 38 32 33 32 33 33 30 26 28 29 28 29 29 29 29 29 31 30 31 31 31 31 27 28 28 33 32 Device 6 | . . . 8 15 7 7 9 7 6 7 7 6 7 6 6 6 5 6 6 6 5 5 5 5 5 5 5 5 5 5 5 5 5 5 11 13 15 17 16 Storage 3 | . 14 14 7 7 7 8 . . . . . . . . . . . . . . . . . . . . . . . . . . . . . 2 4 4 4 Processor 3 | . . . . . . . 3 7 7 7 7 7 7 6 6 6 6 6 6 6 5 5 5 5 5 5 5 5 5 5 5 5 5 5 8 9 9 8 8 Hackware 15 | . . . . . . . 13 15 15 23 23 23 23 26 26 24 20 20 18 20 29 29 29 29 29 29 29 28 31 26 26 26 26 26 23 20 16 4 4 Protection 9 | . 12 13 15 7 14 16 7 7 6 . . . . 4 6 6 13 13 13 13 10 11 10 11 10 11 11 7 5 8 10 10 10 10 5 4 4 8 8 Energy Cannon 2 | . . 1 7 . . . . . . . . . . . . . 1 6 2 . 3 5 4 5 5 5 5 3 5 . . . . . . . . . . Ballistic Gun 5 | . 3 . 15 27 27 23 3 . . . . . . . . . . . . . . . . . . . . . . . . . . . . . . . . Ballistic Cannon 2 | . 24 22 . . . . . . . . . . . . . . . . . . . . . . . . . . . . . . . . . . . . . Slashing Weapon 3 | . . 4 . 2 . . 7 7 7 7 7 7 7 6 6 5 4 . 4 6 4 5 5 4 5 5 5 4 5 4 5 5 5 5 3 4 4 4 4 Peak Build Rating 200 | 6 10 15 55 57 58 55 52 44 47 49 49 56 54 66 66 73 69 71 73 71 111 111 116 117 120 120 120 139 132 154 153 153 154 154 179 179 187 200 190 Average Rating 83 | 4 8 11 41 55 56 54 43 44 44 48 49 51 54 59 65 66 66 67 67 70 102 111 112 115 118 120 120 128 132 142 153 153 147 154 171 174 179 183 182 On Entrance 90 | . 6 10 15 55 56 55 52 44 44 45 49 49 54 54 66 65 66 67 67 69 71 111 111 115 115 120 120 120 132 132 153 153 153 154 154 178 177 184 181 Naked Turns . | . . . . . . . . . . . . . . . . . . . . . . . . . . . . . . . . . . . . . . . . Heaviest Build 122 | 11 56 58 110 103 122 120 22 20 22 18 18 18 18 21 21 25 26 34 26 22 27 26 29 29 29 29 29 32 29 38 38 38 38 38 46 55 62 69 62 Greatest Support 112 | 40 40 40 104 104 106 112 25 25 25 25 25 25 20 26 26 34 34 34 28 28 39 27 30 45 30 30 39 47 36 50 52 52 40 40 72 72 73 74 81 Greatest Overweight (x) 9 | . 1 1 1 . 1 1 . . . . . . . . . . . 1 1 . . . . 9 . . . . . . . . . . . . . . . Average Overweight (x) . | . . 1 . . . . . . . . . . . . . . . . . . . . . . . . . . . . . . . . . . . . . Largest Inventory Capacity 25 | 8 20 20 25 25 25 25 25 5 5 5 5 5 5 5 5 5 5 5 5 5 5 5 5 5 5 5 5 5 5 5 5 5 5 5 5 10 10 10 10 Average Capacity 11 | 6 14 20 23 25 25 25 5 5 5 5 5 5 5 5 5 5 5 5 5 5 5 5 5 5 5 5 5 5 5 5 5 5 5 5 5 8 10 10 10 Most Carried 25 | 1 14 17 25 25 25 24 20 5 5 5 5 5 5 5 5 5 5 5 5 5 5 5 5 5 5 5 5 5 5 5 5 5 5 5 5 10 10 7 6 Average Carried 10 | . 10 15 21 24 23 22 4 5 4 4 5 5 5 4 5 4 4 4 4 5 4 5 4 4 5 5 5 4 5 4 5 5 4 5 3 6 9 6 5 Final Capacity 25 | 8 20 20 25 25 25 25 5 5 5 5 5 5 5 5 5 5 5 5 5 5 5 5 5 5 5 5 5 5 5 5 5 5 5 5 5 10 10 10 10 Final Carried 25 | 1 14 15 25 24 24 20 5 5 5 5 5 5 5 5 5 5 5 5 5 5 5 5 5 5 5 5 5 5 5 5 5 5 5 5 5 10 8 6 2 Class Distribution -------------------- 33% | Wizard-Sprinter 18% | Hacker-Sprinter 15% | Mutant 14% | Tank 7% | Wizard-Scout 3% | Gunner Dominant Class ---------------- Mutant | -10/Materials Mutant | -10/Subcaves Tank | -8/Materials Gunner | -8/Garrison Tank | -8/Materials Tank | -8/Garrison Hacker-Sprinter | -7/Factory Hacker-Sprinter | -7/Waste Hacker-Sprinter | -7/Factory Hacker-Sprinter | -7/Lower Caves Hacker-Sprinter | -7/Lower Caves Hacker-Sprinter | -7/Zion Hacker-Sprinter | -6/Proximity Caves Hacker-Sprinter | -6/Factory Hacker-Sprinter | -6/Waste Hacker-Sprinter | -6/Factory Hacker-Sprinter | -6/Lower Caves Hacker-Sprinter | -6/Lower Caves Hacker-Sprinter | -6/Data Miner Hacker-Sprinter | -5/Proximity Caves Wizard-Sprinter | -5/Factory Wizard-Sprinter | -5/Waste Wizard-Sprinter | -5/Factory Wizard-Sprinter | -5/Extension Wizard-Sprinter | -5/Cetus Wizard-Sprinter | -5/Archives Wizard-Sprinter | -5/Hub_04(d) Wizard-Sprinter | -4/Factory Wizard-Sprinter | -4/Waste Wizard-Sprinter | -4/Factory Wizard-Sprinter | -4/Upper Caves Wizard-Sprinter | -4/Upper Caves Wizard-Sprinter | -4/Zhirov Wizard-Sprinter | -3/Proximity Caves Wizard-Scout | -3/Research Wizard-Scout | -3/Quarantine Wizard-Scout | -3/Section 7 Machinist-Scout | -2/Research Machinist-Scout | -1/Access Resources | -11 -10 -10 -8 -8 -8 -8 -7 -7 -7 -7 -7 -7 -6 -6 -6 -6 -6 -6 -6 -5 -5 -5 -5 -5 -5 -5 -5 -4 -4 -4 -4 -4 -4 -3 -3 -3 -3 -2 -1 ----------- Run | Yrd Mat Sub Mat Gar Mat Gar Fac Was Fac Low Low Zio Pro Fac Was Fac Low Low Dat Pro Fac Was Fac Ext Cet Arc Hub Fac Was Fac Upp Upp Zhi Pro Res Qua Sec Res Acc Matter Collected 7577 | 211 461 363 770 474 1042 661 125 . 143 170 . . 24 146 . 475 163 70 . 69 230 . 121 94 12 8 10 412 80 525 70 . 105 . 368 40 117 . 18 Remotely . | . . . . . . . . . . . . . . . . . . . . . . . . . . . . . . . . . . . . . . . . Salvage Created 10182 | . 653 247 1468 676 1431 877 221 . 332 24 . . 24 171 . 589 127 75 21 . 510 . 160 237 . . 124 369 . 235 48 30 105 1 1025 270 86 . 46 Parts 603 | . 46 19 94 43 85 50 13 . 19 3 . . 6 8 . 52 3 2 3 . 25 . 11 11 . . 5 30 . 14 6 4 . 1 35 7 5 . 3 Haulers Intercepted 9 | . 2 . 5 . 2 . . . . . . . . . . . . . . . . . . . . . . . . . . . . . . . . . . Recyclers Shooed 8 | . 1 . 3 . 1 . . . . . . . . . . . . . . . . . . 3 . . . . . . . . . . . . . . . Parts Field Recycled . | . . . . . . . . . . . . . . . . . . . . . . . . . . . . . . . . . . . . . . . . Retrieved Matter . | . . . . . . . . . . . . . . . . . . . . . . . . . . . . . . . . . . . . . . . . Parts Self-Destructed 36 | . . 14 . . . . . . . 3 . . 4 . . . 2 2 . . . . . . . . . . . . 6 4 . 1 . . . . . Prevented . | . . . . . . . . . . . . . . . . . . . . . . . . . . . . . . . . . . . . . . . . Kills | -11 -10 -10 -8 -8 -8 -8 -7 -7 -7 -7 -7 -7 -6 -6 -6 -6 -6 -6 -6 -5 -5 -5 -5 -5 -5 -5 -5 -4 -4 -4 -4 -4 -4 -3 -3 -3 -3 -2 -1 ------- Run | Yrd Mat Sub Mat Gar Mat Gar Fac Was Fac Low Low Zio Pro Fac Was Fac Low Low Dat Pro Fac Was Fac Ext Cet Arc Hub Fac Was Fac Upp Upp Zhi Pro Res Qua Sec Res Acc Combat Hostiles Destroyed 206 | . 16 12 25 19 29 19 8 . 4 3 . . 4 2 . 10 4 3 . . 5 . 1 3 . . 1 13 . 5 5 2 . 2 4 1 4 . 2 Melee 16 | . . . . 1 1 . 1 . 2 . . . . 2 . 5 . . . . 1 . 1 . . . . . . . . . . . 1 1 . . . Guns 68 | . 1 . 6 15 28 18 . . . . . . . . . . . . . . . . . . . . . . . . . . . . . . . . . Cannons 37 | . 10 9 15 . . . . . . . . . . . . . . . . . . . . 2 . . 1 . . . . . . . . . . . . AOE 84 | . 5 3 3 3 . 1 7 . 2 3 . . 4 . . 5 4 3 . . 4 . . 1 . . . 13 . 5 5 2 . 2 3 . 4 . 2 Classes Destroyed 17 | . 7 3 2 1 1 1 . . . . . . . . . . 1 . . . . . 1 . . . . . . . . . . . . . . . . Worker 14 | . . . 3 . 2 . 1 . . . . . . . . 2 . . . . . . . . . . . 2 . 4 . . . . . . . . . Builder 8 | . 1 . 1 . . . . . . . . . . . . 1 . . . . 4 . . . . . . 1 . . . . . . . . . . . Tunneler 3 | . . . . . 1 . . . . . . . . . . . . . . . . . . . . . . 2 . . . . . . . . . . . Hauler 9 | . 2 . 5 . 2 . . . . . . . . . . . . . . . . . . . . . . . . . . . . . . . . . . Recycler 14 | . 2 . 1 . . . . . 1 . . . . . . 1 . . . . 1 . . . . . . 1 . . . . . . 6 1 . . . Operator 7 | . 2 . 3 . 1 . . . . . . . . . . 1 . . . . . . . . . . . . . . . . . . . . . . . Drone 3 | . . . . . . . . . . . . . . . . . . . . . . . 1 . . . . . . . . . . 2 . . . . . Watcher 52 | . 3 . 3 . 3 . 2 . 5 . . . . 4 . 6 . . . . 6 . 5 1 . . 2 3 . 3 . . . . 3 2 1 . . Swarmer 98 | . 5 7 7 4 8 2 8 . 4 3 . . 4 2 . 5 1 . . . 4 . . . . . . 13 . 5 5 2 . . 3 . 4 . 2 Cutter 4 | . . . . 3 . . . . . . . . . . . 1 . . . . . . . . . . . . . . . . . . . . . . . Grunt 63 | . 11 1 9 10 10 14 . . . . . . . . . 1 1 3 . . 1 . . 1 . . . . . . . . . . . 1 . . . Duelist 2 | . . . . . . . . . . . . . . . . . 2 . . . . . . . . . . . . . . . . . . . . . . Sentry 22 | . . 1 8 2 8 . . . . . . . . . . . . . . . . . . 2 . . 1 . . . . . . . . . . . . Hunter 4 | . . . 1 . 3 . . . . . . . . . . . . . . . . . . . . . . . . . . . . . . . . . . Programmer 7 | . . . . . . 3 . . . . . . . . . 3 . . . . . . . . . . . . . . . . . . 1 . . . . Artisan 2 | . . 2 . . . . . . . . . . . . . . . . . . . . . . . . . . . . . . . . . . . . . Subdweller 3 | . . 3 . . . . . . . . . . . . . . . . . . . . . . . . . . . . . . . . . . . . . Best Kill Streak 14 | . 6 4 4 6 7 5 6 . 5 3 . . 4 2 . 6 4 3 1 . 4 . 1 2 . . 1 14 . 6 5 2 . 2 5 1 5 . 2 Combat Bots Only 9 | . 5 4 4 6 5 5 4 . 2 3 . . 4 2 . 5 4 3 . . 4 . 1 2 . . 1 9 . 5 5 2 . 2 3 1 4 . 2 Max Kills in Single Turn 6 | . 6 3 3 3 2 2 4 . 1 2 . . 2 1 . 4 2 1 1 . 3 . 1 1 . . 1 4 . 3 2 2 . 1 2 1 2 . 2 Gunslinging 1 | . . . 1 . 1 1 . . . . . . . . . . . . . . . . . . . . . . . . . . . . . . . . . Exploded 5 | . 5 3 3 3 . 1 4 . 1 2 . . 2 . . 4 2 1 . . 3 . . 1 . . . 3 . 2 2 2 . 1 2 . 2 . 2 Melee 1 | . . . . 1 1 . 1 . 1 . . . . 1 . 1 . . . . 1 . 1 . . . . . . . . . . . 1 1 . . . Uniques/NPCs Destroyed 1 | . . . . . . . . . . . . . . . . . . . 1 . . . . . . . . . . . . . . . . . . . . Data Miner (-6/Data Miner) Combat | -11 -10 -10 -8 -8 -8 -8 -7 -7 -7 -7 -7 -7 -6 -6 -6 -6 -6 -6 -6 -5 -5 -5 -5 -5 -5 -5 -5 -4 -4 -4 -4 -4 -4 -3 -3 -3 -3 -2 -1 -------- Run | Yrd Mat Sub Mat Gar Mat Gar Fac Was Fac Low Low Zio Pro Fac Was Fac Low Low Dat Pro Fac Was Fac Ext Cet Arc Hub Fac Was Fac Upp Upp Zhi Pro Res Qua Sec Res Acc Hostile Shots Fired 1049 | . 30 79 95 41 105 54 19 . 78 4 . . 14 17 1 126 9 5 3 12 15 . 6 14 . . 4 74 . 53 4 3 . 2 39 8 51 56 28 Missed 459 | . 11 18 27 12 30 15 7 . 44 2 . . 9 11 . 56 6 . 2 10 7 . 3 3 . . 3 35 . 32 3 3 . 1 18 2 29 44 16 Hits 590 | . 19 61 68 29 75 39 12 . 34 2 . . 5 6 1 70 3 5 1 2 8 . 3 11 . . 1 39 . 21 1 . . 1 21 6 22 12 12 Melee 4 | . . . . 3 . . . . . . . . . . . 1 . . . . . . . . . . . . . . . . . . . . . . . Projectile 586 | . 19 61 68 26 75 39 12 . 34 2 . . 5 6 1 69 3 5 1 2 8 . 3 11 . . 1 39 . 21 1 . . 1 21 6 22 12 12 AOE 9 | . . . . 3 . . . . . . . . . . . 1 . . . . . . . . . . . 2 . 3 . . . . . . . . . Critical Strikes 21 | . . 2 2 3 4 3 . . . . . . . . . . . . . . . . 1 2 1 . . . . 1 . . . . 1 1 . . . Part Disruptions 1 | . . . . . . . . . . . . . . . . . . . . . . . . . . . . . . . . . . . 1 . . . . Damage Taken 10128 | . 289 747 1020 485 849 649 196 . 283 28 . . 56 46 19 1158 23 168 46 35 101 . 174 213 13 . 22 737 . 661 167 18 . 55 561 148 556 345 260 Core 1717 | . 26 120 124 41 60 22 35 . 85 14 . . . 41 . 218 . 65 . 21 . . . 35 . . . 129 . 173 19 18 . 23 133 . 115 164 36 Absorbed by Shields 189 | . . . . 15 . . . . 48 . . . . . . 8 . . . . . . . 75 13 . . 30 . . . . . . . . . . . Redirected to Shielding 293 | . . . . . . . . . . . . . . . . . . 15 . . . . . . . . . 34 . 62 . . . . 22 20 66 17 57 Ignored by Resistances 147 | . . . . . 147 . . . . . . . . . . . . . . . . . . . . . . . . . . . . . . . . . . Regen/Repaired (Parts) 3654 | . . . 262 . 172 . . . . . . . . 81 . 375 . . . . 139 . 143 . . . . 251 7 171 . . . . 852 70 312 511 308 Core Remaining (%) 75 | 100 . 41 . . . 55 . . . . . . 80 . . . . . . 59 . . . . . . 96 . . . . . . 68 . . 77 82 94 Volleys Fired 395 | . 48 32 94 27 65 45 3 . 1 4 . . 3 . . 4 4 8 . . 7 . 7 9 . 3 4 9 . 3 5 . . 2 3 . 3 . 2 Largest 4 | . 2 2 4 4 4 3 1 . 1 1 . . 1 . . 1 1 2 . . 1 . 1 2 . 1 1 1 . 1 1 . . 1 1 . 1 . 1 Hottest 136 | . 60 68 136 101 101 83 33 . 36 36 . . 36 . . 85 85 128 . . 85 . 85 128 . 85 85 85 . 43 43 . . 43 43 . 43 . 43 Shots Fired 940 | . 94 61 224 102 232 135 3 . 1 4 . . 3 . . 4 5 9 . . 7 . 7 10 . 3 4 9 . 4 5 3 . 2 4 . 3 . 2 Gun 563 | . 18 . 80 100 232 133 . . . . . . . . . . . . . . . . . . . . . . . . . . . . . . . . . Cannon 314 | . 76 60 143 . . . . . . . . . . . . 2 2 3 . . 5 . 7 8 . 3 4 1 . . . . . . . . . . . Launcher 63 | . . 1 1 2 . 2 3 . 1 4 . . 3 . . 2 3 6 . . 2 . . 2 . . . 8 . 4 5 3 . 2 4 . 3 . 2 Special . | . . . . . . . . . . . . . . . . . . . . . . . . . . . . . . . . . . . . . . . . Kinetic 725 | . 94 58 108 100 232 133 . . . . . . . . . . . . . . . . . . . . . . . . . . . . . . . . . Thermal 152 | . . 2 115 . . . . . . . . . . . . 2 2 3 . . 5 . 7 8 . 3 4 1 . . . . . . . . . . . Explosive 63 | . . 1 1 2 . 2 3 . 1 4 . . 3 . . 2 3 6 . . 2 . . 2 . . . 8 . 4 5 3 . 2 4 . 3 . 2 Electromagnetic . | . . . . . . . . . . . . . . . . . . . . . . . . . . . . . . . . . . . . . . . . Robot Hit Streak 19 | . 10 15 18 19 13 16 2 . 3 2 . . 3 . . 1 2 4 . . 5 . . 2 . 2 2 3 . . 1 . . . 2 . 3 . 4 Robot Miss Streak 5 | . 3 4 5 4 4 4 . . . 1 . . 1 . . 1 . 1 . . 1 . . 2 . 1 . 1 . 2 . 1 . . 1 . . . 1 Penetration Max . | . . . . . . . . . . . . . . . . . . . . . . . . . . . . . . . . . . . . . . . . Secondary Targets 13 | . . . 1 4 5 3 . . . . . . . . . . . . . . . . . . . . . . . . . . . . . . . . . Max Gunslinging Chain 1 | . . . 1 1 1 1 . . . . . . . . . . . . . . . . . . . . . . . . . . . . . . . . . Shots Hit Robots 692 | . 47 33 142 55 139 86 9 . 12 2 . . 1 9 . 30 2 4 1 . 21 . 9 8 . 2 4 10 . 22 1 . 2 . 29 8 2 1 1 Core Hits 420 | . 25 18 53 33 62 37 13 . 10 5 . . 7 6 . 22 5 6 . . 14 . 4 9 . . 3 29 . 13 7 3 2 1 16 4 8 . 5 Critical Kills 7 | . . . 5 2 . . . . . . . . . . . . . . . . . . . . . . . . . . . . . . . . . . . Critical Parts Destroyed . | . . . . . . . . . . . . . . . . . . . . . . . . . . . . . . . . . . . . . . . . Critical Strikes 21 | . 3 . 5 2 . . 1 . . . . . . 1 . 4 . . . . . . . . . . . 1 . 1 . . . . 3 . . . . Meltdown 3 | . . . 3 . . . . . . . . . . . . . . . . . . . . . . . . . . . . . . . . . . . . Destroy 4 | . . . 2 2 . . . . . . . . . . . . . . . . . . . . . . . . . . . . . . . . . . . Blast 3 | . 3 . . . . . . . . . . . . . . . . . . . . . . . . . . . . . . . . . . . . . . Sever 11 | . . . . . . . 1 . . . . . . 1 . 4 . . . . . . . . . . . 1 . 1 . . . . 3 . . . . Melee Attacks 573 | . . 31 1 14 3 5 16 . 39 . 4 1 . 35 . 63 5 . 3 1 77 . 31 8 . . 21 45 . 71 1 . 2 . 57 17 10 10 2 Impact . | . . . . . . . . . . . . . . . . . . . . . . . . . . . . . . . . . . . . . . . . Slashing 572 | . . 31 1 14 3 5 16 . 39 . 4 1 . 34 . 63 5 . 3 1 77 . 31 8 . . 21 45 . 71 1 . 2 . 57 17 10 10 2 Piercing . | . . . . . . . . . . . . . . . . . . . . . . . . . . . . . . . . . . . . . . . . Sneak Attacks 35 | . . 4 1 . . . 1 . 1 . . . . . . 4 . . 1 . 6 . 3 . . . . 1 . 4 . . . . 8 1 . . . Combat Hostiles 1 | . . . . . . . . . . . . . . . . . . . . . . . 1 . . . . . . . . . . . . . . . . Follow-up Attacks . | . . . . . . . . . . . . . . . . . . . . . . . . . . . . . . . . . . . . . . . . Damage Inflicted 27450 | . 1442 915 2951 1102 2440 1683 800 . 701 324 . . 399 363 . 2038 443 616 105 . 1600 . 549 637 . 61 149 1894 . 1826 390 137 129 199 2180 462 594 54 267 Guns 5585 | . 145 . 612 904 2379 1545 . . . . . . . . . . . . . . . . . . . . . . . . . . . . . . . . . Cannons 3498 | . 647 516 1965 . . . . . . . . . . . . 32 . . . . . . . 215 . 61 31 31 . . . . . . . . . . . Explosions 9145 | . 591 161 195 190 . 138 464 . 171 324 . . 399 . . 519 443 616 . . 336 . . 305 . . . 1450 . 775 390 137 . 199 548 . 527 . 267 Melee 8976 | . . 238 61 . . . 336 . 530 . . . . 363 . 1487 . . 105 . 1264 . 549 117 . . 118 413 . 1051 . . 129 . 1632 462 67 54 . Ramming 246 | . 59 . 118 8 61 . . . . . . . . . . . . . . . . . . . . . . . . . . . . . . . . . . Kinetic 7131 | . 792 516 995 904 2379 1545 . . . . . . . . . . . . . . . . . . . . . . . . . . . . . . . . . Thermal 2240 | . . . 1582 . . . . . 65 . . . . . . 255 . . . . . . . 215 . 61 31 31 . . . . . . . . . . . Explosive 8857 | . 591 161 195 190 . 138 464 . 106 324 . . 399 . . 296 443 616 . . 336 . . 305 . . . 1450 . 775 390 137 . 199 548 . 527 . 267 Electromagnetic . | . . . . . . . . . . . . . . . . . . . . . . . . . . . . . . . . . . . . . . . . Impact . | . . . . . . . . . . . . . . . . . . . . . . . . . . . . . . . . . . . . . . . . Slashing 8976 | . . 238 61 . . . 336 . 530 . . . . 363 . 1487 . . 105 . 1264 . 549 117 . . 118 413 . 1051 . . 129 . 1632 462 67 54 . Piercing . | . . . . . . . . . . . . . . . . . . . . . . . . . . . . . . . . . . . . . . . . Highest Corruption 12 | . . . . . . 2 . . . . . . . . . 8 8 8 8 8 . . . . . . . 5 5 10 12 12 12 12 3 . 2 1 . Average Corruption 5 | . . . . . . 1 . . . . . . . . . 4 8 8 8 8 . . . . . . . 4 5 6 10 12 12 12 2 . 1 1 . Corruption Purged 3 | . . . . . . . . . . . . . . . . . . . . . . . . . . . . . . . . . . . 3 . . . . Corruption Blocked . | . . . . . . . . . . . . . . . . . . . . . . . . . . . . . . . . . . . . . . . . Effects 184 | . . . . . . 9 . . . . . . . . . 25 7 5 2 2 . . . . . . . 35 5 57 15 6 1 3 12 . . . . Message Errors 37 | . . . . . . 4 . . . . . . . . . 6 . . 1 2 . . . . . . . 5 3 9 2 1 . 1 3 . . . . Matter Fused 48 | . . . . . . 2 . . . . . . . . . 7 5 2 . . . . . . . . . 6 . 21 2 1 1 . 1 . . . . Heat Flow Errors 27 | . . . . . . . . . . . . . . . . 2 . . . . . . . . . . . 8 1 9 2 1 . . 4 . . . . Energy Discharges 22 | . . . . . . 2 . . . . . . . . . 2 . 2 . . . . . . . . . 6 1 3 3 . . 1 2 . . . . Parts Fused 2 | . . . . . . . . . . . . . . . . . . . . . . . . . . . . 1 . 1 . . . . . . . . . Data Loss (minor) 27 | . . . . . . . . . . . . . . . . 6 . . . . . . . . . . . 8 . 9 4 . . . . . . . . Data Loss (major) 13 | . . . . . . 1 . . . . . . . . . 2 . 1 1 . . . . . . . . 1 . 4 2 . . . 1 . . . . Misfires 6 | . . . . . . . . . . . . . . . . . 1 . . . . . . . . . . . . 1 . 3 . . 1 . . . . Alerts 1 | . . . . . . . . . . . . . . . . . 1 . . . . . . . . . . . . . . . . . . . . . . Misdirections 1 | . . . . . . . . . . . . . . . . . . . . . . . . . . . . . . . . . . 1 . . . . . Overload Shots . | . . . . . . . . . . . . . . . . . . . . . . . . . . . . . . . . . . . . . . . . Overflow Damage 1939 | . 60 63 96 . . . 29 . 33 32 . . 20 19 . 64 78 27 45 . 407 . 142 8 . . . 152 . 284 9 . . 18 176 133 12 . 32 Projectiles 78 | . 21 . 57 . . . . . . . . . . . . . . . . . . . . . . . . . . . . . . . . . . . . Explosions 481 | . 39 . 18 . . . 5 . . 32 . . 20 . . 23 78 27 . . 13 . . . . . . 98 . 57 9 . . 18 12 . . . 32 Melee 1380 | . . 63 21 . . . 24 . 33 . . . . 19 . 41 . . 45 . 394 . 142 8 . . . 54 . 227 . . . . 164 133 12 . . Knockbacks 22 | . 3 8 11 . . . . . . . . . . . . . . . . . . . . . . . . . . . . . . . . . . . . Impact . | . . . . . . . . . . . . . . . . . . . . . . . . . . . . . . . . . . . . . . . . Kinetic 18 | . 3 8 7 . . . . . . . . . . . . . . . . . . . . . . . . . . . . . . . . . . . . Secondary 4 | . . . 4 . . . . . . . . . . . . . . . . . . . . . . . . . . . . . . . . . . . . Self-Inflicted Damage 319 | . 75 . . 15 . 28 . . . . . . . . . . . 71 . . . . . . . . . . . . . 18 . 32 69 . . . 11 Shots 8 | . 1 . . 1 . 1 . . . . . . . . . . . 1 . . . . . . . . . . . . . 1 . 1 1 . . . 1 Rammed 21 | . 7 . 8 . 6 . . . . . . . . . . . . . . . . . . . . . . . . . . . . . . . . . . Targets Rammed 25 | . 8 . 9 1 7 . . . . . . . . . . . . . . . . . . . . . . . . . . . . . . . . . . Kicked . | . . . . . . . . . . . . . . . . . . . . . . . . . . . . . . . . . . . . . . . . Crushed 4 | . 1 . 1 1 1 . . . . . . . . . . . . . . . . . . . . . . . . . . . . . . . . . . Highest Temperature 292 | . 117 . 290 19 53 76 . 72 136 51 77 98 6 78 12 251 44 79 183 55 48 . 40 170 . 72 82 283 215 282 259 167 . 2 225 106 64 292 164 Average Temperature 41 | . 27 . 54 8 17 16 . 38 39 20 29 47 6 24 6 13 19 40 88 33 21 . 13 58 . 35 29 51 31 48 130 70 . 2 87 75 14 156 95 Received Heat Transfer 2055 | . 102 144 414 179 342 279 . . 55 . . . 12 18 9 87 6 48 . . 36 . 45 29 . . 21 12 . 133 . . . . 9 12 36 27 . Effects 10 | . . . 1 . . . . . . . . . . . . . . . . . . . . . . . . 2 . 6 . . . . . . . 1 . Energy Bleed 6 | . . . 1 . . . . . . . . . . . . . . . . . . . . . . . . 2 . 3 . . . . . . . . . Interference 4 | . . . . . . . . . . . . . . . . . . . . . . . . . . . . . . 3 . . . . . . . 1 . Siege Activations . | . . . . . . . . . . . . . . . . . . . . . . . . . . . . . . . . . . . . . . . . Martial Activations . | . . . . . . . . . . . . . . . . . . . . . . . . . . . . . . . . . . . . . . . . Shielding Activations . | . . . . . . . . . . . . . . . . . . . . . . . . . . . . . . . . . . . . . . . . Robots Disrupted . | . . . . . . . . . . . . . . . . . . . . . . . . . . . . . . . . . . . . . . . . Combat Hostiles . | . . . . . . . . . . . . . . . . . . . . . . . . . . . . . . . . . . . . . . . . Robots Corrupted 1 | . . . 1 . . . . . . . . . . . . . . . . . . . . . . . . . . . . . . . . . . . . Combat Hostiles . | . . . . . . . . . . . . . . . . . . . . . . . . . . . . . . . . . . . . . . . . Parts Fried 4 | . . . 3 . . . . . . . . . . . . . . . . . . . . 1 . . . . . . . . . . . . . . . Impact Corruptions 1 | . . . 1 . . . . . . . . . . . . . . . . . . . . . . . . . . . . . . . . . . . . Robots Melted 3 | . . . 3 . . . . . . . . . . . . . . . . . . . . . . . . . . . . . . . . . . . . Combat Hostiles 1 | . . . 1 . . . . . . . . . . . . . . . . . . . . . . . . . . . . . . . . . . . . Parts Melted 10 | . . . 10 . . . . . . . . . . . . . . . . . . . . . . . . . . . . . . . . . . . . Heat Transferred 3524 | . . . 2849 . . . . . 50 . . . . . . 237 . . . . . . . 240 . 74 37 37 . . . . . . . . . . . Parts Sabotaged . | . . . . . . . . . . . . . . . . . . . . . . . . . . . . . . . . . . . . . . . . Parts Stolen . | . . . . . . . . . . . . . . . . . . . . . . . . . . . . . . . . . . . . . . . . Parts Stripped . | . . . . . . . . . . . . . . . . . . . . . . . . . . . . . . . . . . . . . . . . Power Chain Reactions . | . . . . . . . . . . . . . . . . . . . . . . . . . . . . . . . . . . . . . . . . Alert | -11 -10 -10 -8 -8 -8 -8 -7 -7 -7 -7 -7 -7 -6 -6 -6 -6 -6 -6 -6 -5 -5 -5 -5 -5 -5 -5 -5 -4 -4 -4 -4 -4 -4 -3 -3 -3 -3 -2 -1 ------- Run | Yrd Mat Sub Mat Gar Mat Gar Fac Was Fac Low Low Zio Pro Fac Was Fac Low Low Dat Pro Fac Was Fac Ext Cet Arc Hub Fac Was Fac Upp Upp Zhi Pro Res Qua Sec Res Acc Maximum Alert Level 5 | . 1 . . 2 1 3 2 1 1 . . . . . . 1 . . . . . . . 1 1 . 2 2 . 2 . . . . . . 5 5 5 Low Security (%) 73 | 100 53 . 100 9 35 19 . . 53 . . . . 100 100 76 . . . . 100 100 100 90 19 100 90 75 100 77 . . . . 100 100 89 . . Level 1 18 | . 46 . . 19 64 26 . 100 46 . . . . . . 23 . . . . . . . 9 80 . 8 12 . 14 . . . . . . 4 . . Level 2 7 | . . . . 71 . 51 100 . . . . . . . . . . . . . . . . . . . . 11 . 8 . . . . . . . . . Level 3 . | . . . . . . 3 . . . . . . . . . . . . . . . . . . . . . . . . . . . . . . . . . Level 4 . | . . . . . . . . . . . . . . . . . . . . . . . . . . . . . . . . . . . . . . 7 23 Level 5 . | . . . . . . . . . . . . . . . . . . . . . . . . . . . . . . . . . . . . . . . . High Security . | . . . . . . . . . . . . . . . . . . . . . . . . . . . . . . . . . . . . . . . . Max Security 1 | . . . . . . . . . . . . . . . . . . . . . . . . . . . . . . . . . . . . . 6 92 76 Peak Influence 2208 | . 351 . 175 682 376 796 625 216 268 . . . . 65 8 394 . . . . 129 7 112 304 291 152 420 653 42 509 . . . . 180 97 1634 2208 1818 Initial 1324 | . . . . 100 332 144 417 201 151 . . . . . 8 . . . . . 12 7 . . 162 80 . 202 14 . . . . . . 64 36 1100 1324 Average 157 | . 159 . 79 478 218 410 527 206 197 . . . . 12 6 125 . . . . 39 2 24 78 232 34 50 140 15 146 . . . . 76 59 168 1788 1594 Influence Increases 15630 | . 731 250 824 652 847 692 269 15 443 70 . . 90 334 . 1059 170 145 20 30 557 . 392 893 179 211 1053 1408 54 1695 140 85 . 10 711 206 503 608 284 Destroy 0b10 Robot/C 5460 | . 320 180 500 400 580 380 160 . 80 60 . . 80 40 . 200 80 60 20 . 100 . 40 400 80 80 340 460 . 320 100 40 . . 220 20 80 . 40 Destroy 0b10 Robot/NC 615 | . 50 . 80 . 45 . 15 . 30 . . . . 20 . 55 . . . . 55 . 40 30 5 . 20 50 . 40 . . . 10 45 15 5 5 . Destroy Leader 1004 | . 90 10 146 20 180 30 24 . 20 10 . . 10 8 . 52 . 10 . . 22 . 22 54 . . 58 66 . 68 10 . . . 66 4 12 2 10 Allied During Kill 1067 | . . . . 3 . . . . . . . . . . . . . . . . . . 19 219 74 80 385 86 . 181 . . . . 7 . . 1 12 Trap Triggered on 0b10 390 | . . . . . . . . . . . . . . 30 . . . . . . 20 . . 10 . . . 30 . 160 . . . . 60 40 40 . . Successful Hack 476 | . 19 . 58 35 20 28 . . 26 . . . . 52 . 15 . . . . 18 . . . . . 21 46 . 13 . . . . 51 3 20 . 51 Select Force Hacks 60 | . 60 . . . . . . . . . . . . . . . . . . . . . . . . . . . . . . . . . . . . . . Disable Machine 735 | . 135 . 15 15 15 15 15 . 75 . . . . . . 90 . . . . 15 . . . . 45 45 75 . 15 . . . . 15 60 60 15 15 Anti-Garrison Action 300 | . . . . 100 . 200 . . . . . . . . . . . . . . . . . . . . . . . . . . . . . . . . . Destroy Structure 1383 | . 57 . 10 79 7 39 25 . 47 . . . . 19 . 47 . . . . 102 . 46 90 20 6 64 220 54 148 . . . . 112 4 76 45 66 Partial Spotted 720 | . . . . . . . 15 15 90 . . . . 45 . 75 . . . . 105 . 30 30 . . . 120 . 90 . . . . 45 . 45 15 . Lose Combat Pursuer 3420 | . . 60 15 . . . 15 . 75 . . . . 120 . 525 90 75 . 30 120 . 195 60 . . 120 255 . 660 30 45 . . 90 60 165 525 90 Influence Decreases 16085 | . 406 575 670 124 1306 119 489 375 473 129 115 12 88 312 24 669 255 139 331 10 556 21 392 603 268 412 640 1779 96 1186 387 91 256 10 596 256 315 716 884 Entered New Map 4784 | . . 157 . 54 350 79 379 375 65 69 25 12 . 2 16 . 145 59 311 . 8 14 . . 128 121 . 211 28 . 189 51 256 . . 51 29 716 884 Time Decay 7390 | . 406 378 609 . 636 . 110 . 398 60 90 . 68 254 . 399 110 80 10 10 508 7 319 315 120 171 164 435 68 574 198 40 . 10 434 170 239 . . Lost Part 229 | . . 40 11 10 20 40 . . . . . . . . 8 50 . . 10 . . . 10 . . . . 20 . 10 . . . . . . . . . Lost Ally 835 | . . . . 60 . . . . 10 . . . 20 2 . 10 . . . . 40 . 10 60 20 120 56 10 . 327 . . . . 60 . 30 . . Purge Threat 2847 | . . . 50 . 300 . . . . . . . . 54 . 210 . . . . . . 53 228 . . 420 1103 . 275 . . . . 102 35 17 . . Squads Dispatched 149 | . 4 . 1 . 4 . 5 . 11 . . . . 11 . 9 . . . . 10 . 10 1 . . 13 13 . 16 . . . . 10 2 11 12 6 Investigation 65 | . 3 . . . 3 . 3 . 8 . . . . 6 . 3 . . . . 6 . 5 1 . . 6 7 . 8 . . . . 6 . . . . Extermination 34 | . . . . . . . 1 . 2 . . . . 3 . 3 . . . . 4 . 3 . . . 2 4 . 6 . . . . 3 2 1 . . Reinforcement 25 | . 1 . 1 . 1 . . . 1 . . . . 2 . 3 . . . . . . 2 . . . 5 2 . 2 . . . . 1 . 4 . . Assault 24 | . . . . . . . . . . . . . . . . . . . . . . . . . . . . . . . . . . . . . 6 12 6 Garrison 1 | . . . . . . . 1 . . . . . . . . . . . . . . . . . . . . . . . . . . . . . . . . Intercept . | . . . . . . . . . . . . . . . . . . . . . . . . . . . . . . . . . . . . . . . . Searches Triggered . | . . . . . . . . . . . . . . . . . . . . . . . . . . . . . . . . . . . . . . . . Construction Impeded 2 | . . . . . . . . . . . . . . . . . . . . . . . . . . . . . . 1 . . . . 1 . . . . Haulers Reinforced 2 | . . . . . . . . . . . . . . . . . . . . . . . 2 . . . . . . . . . . . . . . . . Active Scanning Responses . | . . . . . . . . . . . . . . . . . . . . . . . . . . . . . . . . . . . . . . . . Cargo Convoy Interrupts 2 | . . . . . . . . . . . . . . 1 . 1 . . . . . . . . . . . . . . . . . . . . . . . Stealth | -11 -10 -10 -8 -8 -8 -8 -7 -7 -7 -7 -7 -7 -6 -6 -6 -6 -6 -6 -6 -5 -5 -5 -5 -5 -5 -5 -5 -4 -4 -4 -4 -4 -4 -3 -3 -3 -3 -2 -1 --------- Run | Yrd Mat Sub Mat Gar Mat Gar Fac Was Fac Low Low Zio Pro Fac Was Fac Low Low Dat Pro Fac Was Fac Ext Cet Arc Hub Fac Was Fac Upp Upp Zhi Pro Res Qua Sec Res Acc Distress Signals 45 | . 1 . 5 . 1 . 2 . 2 . . . . 1 . . . . . . 4 . 2 2 1 1 2 2 . 6 . . . . 2 1 5 5 . Communications Jammed . | . . . . . . . . . . . . . . . . . . . . . . . . . . . . . . . . . . . . . . . . Distress Signals . | . . . . . . . . . . . . . . . . . . . . . . . . . . . . . . . . . . . . . . . . Times Spotted 675 | . 28 15 51 18 43 19 12 1 24 1 . . 4 22 6 65 7 9 4 2 19 . 16 22 2 2 20 36 6 54 8 8 . 3 29 10 34 61 14 Peak Tracking Total 32 | . 3 4 4 5 6 3 6 1 5 1 . . 3 4 7 12 6 7 4 2 5 . 11 6 2 2 5 6 5 7 7 8 . 2 7 4 17 32 12 Tactical Retreats 119 | . . 2 1 . . . 1 . 5 . . . . 7 . 20 4 5 . 1 4 . 4 2 . . 4 12 1 19 1 2 . . 4 3 9 7 1 Traps | -11 -10 -10 -8 -8 -8 -8 -7 -7 -7 -7 -7 -7 -6 -6 -6 -6 -6 -6 -6 -5 -5 -5 -5 -5 -5 -5 -5 -4 -4 -4 -4 -4 -4 -3 -3 -3 -3 -2 -1 ------- Run | Yrd Mat Sub Mat Gar Mat Gar Fac Was Fac Low Low Zio Pro Fac Was Fac Low Low Dat Pro Fac Was Fac Ext Cet Arc Hub Fac Was Fac Upp Upp Zhi Pro Res Qua Sec Res Acc Traps Triggered 38 | . 1 1 2 1 3 3 2 . 7 . . . . 2 . 6 . . . . 1 . . 1 . . . 5 . . 1 . . . . 1 1 . . Indirectly . | . . . . . . . . . . . . . . . . . . . . . . . . . . . . . . . . . . . . . . . . Trap Hack Attempts . | . . . . . . . . . . . . . . . . . . . . . . . . . . . . . . . . . . . . . . . . Triggered . | . . . . . . . . . . . . . . . . . . . . . . . . . . . . . . . . . . . . . . . . Disarmed 12 | . . . . . . . . . . . . . . . . . . . . . . . . . . . . 6 . 6 . . . . . . . . . Reprogrammed 111 | . . . . . . . . . . . . . . 9 . . . . . . 9 . . 13 . . . 3 . 37 . . . . 22 12 6 . . Reused 39 | . . . . . . . . . . . . . . 3 . . . . . . 2 . . 1 . . . 3 . 16 . . . . 6 4 4 . . Traps Extracted . | . . . . . . . . . . . . . . . . . . . . . . . . . . . . . . . . . . . . . . . . Installed . | . . . . . . . . . . . . . . . . . . . . . . . . . . . . . . . . . . . . . . . . Triggered 39 | . . . . . . . . . . . . . . 3 . . . . . . 2 . . 1 . . . 3 . 16 . . . . 6 4 4 . . Machines | -11 -10 -10 -8 -8 -8 -8 -7 -7 -7 -7 -7 -7 -6 -6 -6 -6 -6 -6 -6 -5 -5 -5 -5 -5 -5 -5 -5 -4 -4 -4 -4 -4 -4 -3 -3 -3 -3 -2 -1 ---------- Run | Yrd Mat Sub Mat Gar Mat Gar Fac Was Fac Low Low Zio Pro Fac Was Fac Low Low Dat Pro Fac Was Fac Ext Cet Arc Hub Fac Was Fac Upp Upp Zhi Pro Res Qua Sec Res Acc Machines Disabled 57 | . 9 1 1 2 1 4 1 . 5 . . . . . . 6 . . 1 1 1 . . 1 . 3 3 5 . 1 . . . . 1 4 4 1 1 Max in Single Turn 4 | . 4 1 1 1 1 1 1 . 4 . . . . . . 4 . . 1 1 1 . . . . . 1 . . 1 . . . . 1 1 1 . 1 Garrison Access 22 | . . . . . . . . . 1 . . . . 2 . 1 . . . . 4 . 2 . . . 1 4 . 3 . . . . 2 1 . 1 . Garrison Relay 4 | . . . . 1 . 3 . . . . . . . . . . . . . . . . . . . . . . . . . . . . . . . . . Network Hub 3 | . . . . . . . . . . . . . . . . . . . . . . . . . . . 3 . . . . . . . . . . . . Machines Repaired . | . . . . . . . . . . . . . . . . . . . . . . . . . . . . . . . . . . . . . . . . Machines Dismantled . | . . . . . . . . . . . . . . . . . . . . . . . . . . . . . . . . . . . . . . . . Machines Sabotaged . | . . . . . . . . . . . . . . . . . . . . . . . . . . . . . . . . . . . . . . . . Overloaded Fab Kills . | . . . . . . . . . . . . . . . . . . . . . . . . . . . . . . . . . . . . . . . . Hacking | -11 -10 -10 -8 -8 -8 -8 -7 -7 -7 -7 -7 -7 -6 -6 -6 -6 -6 -6 -6 -5 -5 -5 -5 -5 -5 -5 -5 -4 -4 -4 -4 -4 -4 -3 -3 -3 -3 -2 -1 --------- Run | Yrd Mat Sub Mat Gar Mat Gar Fac Was Fac Low Low Zio Pro Fac Was Fac Low Low Dat Pro Fac Was Fac Ext Cet Arc Hub Fac Was Fac Upp Upp Zhi Pro Res Qua Sec Res Acc Machines Accessed 284 | . 8 1 13 4 11 2 3 . 20 . . . . 21 . 17 2 2 4 1 26 . 21 13 1 . 12 27 . 29 1 1 5 . 17 9 11 1 1 Terminals 176 | . 6 . 8 4 9 2 2 . 15 . . . . 12 . 10 . . . . 13 . 11 13 1 . 11 14 . 17 1 1 . . 9 7 9 . 1 Fabricators 40 | . . . . . . . . . 4 . . . . 5 . 3 . . . . 6 . 6 . . . . 6 . 6 . . . . 4 . . . . Repair Stations 19 | . . . 2 . 1 . . . . . . . . 2 . 3 . . . . 2 . 1 . . . . 2 . 2 . . . . 2 1 1 . . Recycling Units 6 | . 2 . . . . . 1 . . . . . . . . . . . . . 1 . 1 . . . . 1 . . . . . . . . . . . Scanalyzers 4 | . . . 2 . . . . . . . . . . . . . . . . . . . . . . . . . . 1 . . . . . . 1 . . Garrison Access 24 | . . . 1 . 1 . . . 1 . . . . 2 . 1 . . . . 4 . 2 . . . 1 4 . 3 . . . . 2 1 . 1 . Total Hacks 1094 | . 24 1 40 11 31 4 13 . 75 . . . . 65 . 59 7 8 24 1 104 . 69 27 1 . 70 119 . 138 5 6 18 . 96 30 43 2 3 Successful 819 | . 12 1 29 3 14 3 4 . 30 . . . . 44 . 33 7 8 24 1 81 . 60 26 1 . 51 105 . 121 5 6 18 . 76 22 31 1 2 Failed 274 | . 12 . 11 8 17 1 9 . 45 . . . . 21 . 26 . . . . 23 . 9 1 . . 19 14 . 17 . . . . 19 8 12 1 1 Catastrophic 32 | . 2 . 2 . 3 . 3 . 8 . . . . . . 1 . . . . 2 . 1 . . . 3 1 . 1 . . . . 2 2 . . 1 Database Lockouts 1 | . . . . . . . . . . . . . . . . . . . . . . . . . . . . . . . . . . . 1 . . . . Manual 535 | . 17 . 12 2 18 2 9 . 53 . . . . 38 . 24 . . . . 63 . 31 10 1 . 52 55 . 72 . . . . 43 14 19 . . Terminals 721 | . 22 . 20 11 25 4 8 . 61 . . . . 35 . 34 . . . . 66 . 41 27 1 . 69 76 . 91 5 6 . . 56 26 34 . 3 Fabricators 155 | . . . . . . . . . 12 . . . . 24 . 11 . . . . 22 . 18 . . . . 19 . 31 . . . . 18 . . . . Repair Stations 105 | . . . 11 . 5 . . . . . . . . 4 . 11 . . . . 10 . 6 . . . . 17 . 12 . . . . 20 3 6 . . Recycling Units 13 | . 2 . . . . . 5 . . . . . . . . . . . . . 2 . 2 . . . . 2 . . . . . . . . . . . Scanalyzers 11 | . . . 7 . . . . . . . . . . . . . . . . . . . . . . . . . . 1 . . . . . . 3 . . Garrison Access 30 | . . . 2 . 1 . . . 2 . . . . 2 . 3 . . . . 4 . 2 . . . 1 5 . 3 . . . . 2 1 . 2 . Terminal Hacks 384 | . 8 1 6 3 6 2 . . 11 . . . . 8 . 8 7 8 24 1 28 . 24 21 1 . 30 46 . 53 5 6 18 . 29 13 15 . 2 Record 41 | . . . . . . . . . . . . . . . . . 6 7 8 1 . . . . . . . . . 1 5 6 6 . . 1 . . . Part Schematic 29 | . . . 1 . . . . . 2 . . . . 2 . . . . 8 . 4 . . . . . 1 5 . 1 . . 4 . 1 . . . . Robot Schematic 7 | . 1 . . . . . . . . . . . . . . . . . 5 . . . . . . . . . . 1 . . . . . . . . . Robot Analysis 8 | . 2 . 1 . . . . . . . . . . . . . . . . . . . . . . . . . . . . . 4 . . . 1 . . Prototype ID Bank 29 | . 3 . 1 . . . . . 1 . . . . . . . . . 3 . . . 3 1 . . . 3 . 4 . . 4 . 2 2 1 . 1 Open Door 15 | . . . . 1 . . . . . . . . . . . . 1 1 . . . . . 8 1 . . . . . . . . . . 1 2 . . Level Access Points 7 | . . . . . . . . . . . . . . . . . . . . . 1 . . . . . 1 1 . 1 . . . . 1 . 1 . 1 Branch Access Points 7 | . . . . . . . . . 1 . . . . 1 . . . . . . 1 . 1 . . . . 1 . 1 . . . . 1 . . . . Emergency Access Points 2 | . . . . 1 . 1 . . . . . . . . . . . . . . . . . . . . . . . . . . . . . . . . . Machine Index 8 | . . . . . . . . . . . . . . . . . . . . . 1 . 1 . . . 1 1 . 1 . . . . 1 1 1 . . Terminal Index 7 | . . . 1 . 1 . . . 1 . . . . 1 . 1 . . . . . . . 1 . . . . . . . . . . 1 . . . . Fabricator Index 1 | . . . . . . . . . 1 . . . . . . . . . . . . . . . . . . . . . . . . . . . . . . Repair Station Index 1 | . . . . . . . . . . . . . . . . 1 . . . . . . . . . . . . . . . . . . . . . . . Alert Level 7 | . . . . . 2 . . . . . . . . . . 1 . . . . . . 1 . . . . 2 . 1 . . . . . . . . . Unreport Threat 34 | . . . 1 . 2 . . . . . . . . 1 . 3 . . . . . . 2 3 . . 5 8 . 5 . . . . 2 1 1 . . Locate Traps 8 | . . . . . . . . . 1 . . . . . . 2 . . . . . . 1 . . . . 3 . . . . . . 1 . . . . Disarm Traps 3 | . . . . . . . . . . . . . . . . . . . . . . . . . . . . 1 . 2 . . . . . . . . . Reprogram Traps 45 | . . . . . . . . . . . . . . 2 . . . . . . 7 . . 4 . . 1 2 . 14 . . . . 7 4 4 . . Dispatch Records 2 | . . . . . . . . . . . . . . . . . . . . . . . . 1 . . . . . 1 . . . . . . . . . Maintenance Status 2 | . . . . . . . . . 1 . . . . . . . . . . . . . . . . . 1 . . . . . . . . . . . . Security Status 2 | . . . . . . . . . . . . . . . . . . . . . . . . . . . 1 1 . . . . . . . . . . . Surveillance Status 1 | . 1 . . . . . . . . . . . . . . . . . . . . . . . . . . . . . . . . . . . . . . Patrol Status 11 | . . . . . . . . . . . . . . . . . . . . . 2 . 1 . . . 1 2 . 3 . . . . 1 1 . . . Transport Status 1 | . . . . . . . . . . . . . . . . . . . . . . . . . . . . . . 1 . . . . . . . . . Investigation Status 1 | . . . . . . . . . . . . . . . . . . . . . . . . . . . . 1 . . . . . . . . . . . Extermination Status 1 | . . . . . . . . . . . . . . . . . . . . . . . . . . . . . . 1 . . . . . . . . . Assault Status 1 | . . . . . . . . . . . . . . . . . . . . . . . . . . . . . . . . . . . 1 . . . . Garrison Status 1 | . . . . . . . . . . . . . . . . . . . . . . . . . . . . 1 . . . . . . . . . . . Recall Investigation 23 | . . . . . . . . . . . . . . 1 . . . . . . 2 . 5 1 . . 4 4 . 3 . . . . 3 . . . . Recall Extermination 19 | . . . . . . . . . 1 . . . . . . . . . . . 3 . 2 . . . 1 3 . 4 . . . . 4 1 . . . Recall Reinforcements 14 | . . . . . . . . . . . . . . . . . . . . . . . 2 . . . 5 3 . 1 . . . . 1 . 2 . . Hauler Manifests 8 | . 1 . 1 . 1 . . . 1 . . . . . . . . . . . 1 . 1 . . . 1 . . . . . . . 1 . . . . Registered Components 4 | . . . . . . . . . 1 . . . . . . . . . . . 1 . 1 . . . 1 . . . . . . . . . . . . Registered Prototypes 2 | . . . . . . . . . . . . . . . . . . . . . 1 . 1 . . . . . . . . . . . . . . . . Zone Layout 28 | . . . . . . . . . . . . . . . . . . . . . 4 . 2 2 . . 6 4 . 7 . . . . 1 1 1 . . Garrison Registry 2 | . . . . 1 . 1 . . . . . . . . . . . . . . . . . . . . . . . . . . . . . . . . . Proto ID Catalog 1 | . . 1 . . . . . . . . . . . . . . . . . . . . . . . . . . . . . . . . . . . . . Activate Exoskeleton 1 | . . . . . . . . . . . . . . . . . . . . . . . . . . . . . . . . . . . . . 1 . . Fabricator Hacks 99 | . . . . . . . . . 4 . . . . 14 . 9 . . . . 14 . 12 . . . . 11 . 23 . . . . 12 . . . . Network Status 4 | . . . . . . . . . 1 . . . . 1 . 1 . . . . . . . . . . . . . . . . . . 1 . . . . Load Schematic 60 | . . . . . . . . . 3 . . . . 9 . 4 . . . . 8 . 8 . . . . 8 . 14 . . . . 6 . . . . Build 35 | . . . . . . . . . . . . . . 4 . 4 . . . . 6 . 4 . . . . 3 . 9 . . . . 5 . . . . Repair Station Hacks 97 | . . . 8 . 4 . . . . . . . . 4 . 9 . . . . 9 . 6 . . . . 17 . 12 . . . . 20 2 6 . . Scan Component 47 | . . . 4 . 2 . . . . . . . . 2 . 4 . . . . 4 . 3 . . . . 8 . 6 . . . . 10 1 3 . . Repair 47 | . . . 4 . 2 . . . . . . . . 2 . 4 . . . . 4 . 3 . . . . 8 . 6 . . . . 10 1 3 . . Refit 3 | . . . . . . . . . . . . . . . . 1 . . . . 1 . . . . . . 1 . . . . . . . . . . . Recycling Unit Hacks 4 | . . . . . . . 1 . . . . . . . . . . . . . 1 . 1 . . . . 1 . . . . . . . . . . . Retrieve Components 4 | . . . . . . . 1 . . . . . . . . . . . . . 1 . 1 . . . . 1 . . . . . . . . . . . Scanalyzer 11 | . . . 7 . . . . . . . . . . . . . . . . . . . . . . . . . . 1 . . . . . . 3 . . Insert Component 7 | . . . 3 . . . . . . . . . . . . . . . . . . . . . . . . . . 1 . . . . . . 3 . . Analyze 4 | . . . 4 . . . . . . . . . . . . . . . . . . . . . . . . . . . . . . . . . . . . Garrison Access Hacks 25 | . . . 1 . 1 . . . 1 . . . . 2 . 1 . . . . 4 . 2 . . . 1 5 . 3 . . . . 2 1 . 1 . Unlock Access 3 | . . . 1 . 1 . . . . . . . . . . . . . . . . . . . . . . 1 . . . . . . . . . . . Seal Access 22 | . . . . . . . . . 1 . . . . 2 . 1 . . . . 4 . 2 . . . 1 4 . 3 . . . . 2 1 . 1 . Unauthorized Hacks 199 | . 4 . 7 . 3 1 3 . 14 . . . . 16 . 6 . . . . 25 . 15 5 . . 20 25 . 29 . . . . 13 6 7 . . Terminals 148 | . 2 . 7 . 3 1 1 . 12 . . . . 10 . 5 . . . . 16 . 8 5 . . 20 17 . 21 . . . . 7 6 7 . . Track 40 | . . . . . . . . . 1 . . . . 3 . . . . . . 6 . 2 1 . . 8 6 . 8 . . . . 2 1 2 . . Assimilate 36 | . . . . . . . . . 1 . . . . 4 . 2 . . . . 6 . 3 3 . . 1 2 . 4 . . . . 3 3 4 . . Botnet 33 | . 1 . 1 . . . 1 . 8 . . . . 3 . 2 . . . . 2 . 2 1 . . 3 3 . 3 . . . . 2 1 . . . Disrupt 2 | . . . . . . . . . . . . . . . . . . . . . 1 . . . . . . . . . . . . . . . 1 . . Operators 9 | . . . 1 . . . . . 2 . . . . . . 1 . . . . 1 . 1 . . . 1 1 . 1 . . . . . . . . . Skim 21 | . 1 . 5 . 3 . . . . . . . . . . . . . . . . . . . . . 1 5 . 5 . . . . . 1 . . . Sabotage 6 | . . . . . . . . . . . . . . . . . . . . . . . . . . . 6 . . . . . . . . . . . . Override 1 | . . . . . . 1 . . . . . . . . . . . . . . . . . . . . . . . . . . . . . . . . . Fabricators 44 | . . . . . . . . . 2 . . . . 6 . 1 . . . . 8 . 6 . . . . 7 . 8 . . . . 6 . . . . Prioritize 14 | . . . . . . . . . . . . . . 1 . 1 . . . . 3 . 2 . . . . 2 . 2 . . . . 3 . . . . Liberate 4 | . . . . . . . . . . . . . . . . . . . . . 1 . . . . . . . . 2 . . . . 1 . . . . Haulers 3 | . . . . . . . . . . . . . . 1 . . . . . . 1 . . . . . . . . . . . . . 1 . . . . Recompile 23 | . . . . . . . . . 2 . . . . 4 . . . . . . 3 . 4 . . . . 5 . 4 . . . . 1 . . . . Repair Stations . | . . . . . . . . . . . . . . . . . . . . . . . . . . . . . . . . . . . . . . . . Recycling Units 7 | . 2 . . . . . 2 . . . . . . . . . . . . . 1 . 1 . . . . 1 . . . . . . . . . . . Recyclers 4 | . . . . . . . 1 . . . . . . . . . . . . . 1 . 1 . . . . 1 . . . . . . . . . . . Mask 1 | . . . . . . . 1 . . . . . . . . . . . . . . . . . . . . . . . . . . . . . . . . Tunnel 2 | . 2 . . . . . . . . . . . . . . . . . . . . . . . . . . . . . . . . . . . . . . Scanalyzers . | . . . . . . . . . . . . . . . . . . . . . . . . . . . . . . . . . . . . . . . . Garrison Access . | . . . . . . . . . . . . . . . . . . . . . . . . . . . . . . . . . . . . . . . . Data Cores Recovered 3 | . 1 . 1 . 1 . . . . . . . . . . . . . . . . . . . . . . . . . . . . . . . . . . Used . | . . . . . . . . . . . . . . . . . . . . . . . . . . . . . . . . . . . . . . . . Hacking Detections 143 | . 5 . 13 4 9 1 2 . 15 . . . . 12 . 13 . . . . 9 . 7 2 . . 7 6 . 17 1 1 . . 11 4 4 . . Full Trace Events 26 | . 1 . . 1 . . 2 . 6 . . . . 1 . 2 . . . . 3 . 1 . . . . 2 . 4 . . . . 3 . . . . Feedback Events 1 | . . . . . . . . . . . . . . . . . . . . . . . . . . . . . . 1 . . . . . . . . . Corruption 1 | . . . . . . . . . . . . . . . . . . . . . . . . . . . . . . 1 . . . . . . . . . Feedback Blocked . | . . . . . . . . . . . . . . . . . . . . . . . . . . . . . . . . . . . . . . . . Robot Schematics Acquired 9 | . 1 . . . . . . . . . . 2 . . . . . . 5 . . . . . . . . . . 1 . . . . . . . . . Robots Built . | . . . . . . . . . . . . . . . . . . . . . . . . . . . . . . . . . . . . . . . . Authchips . | . . . . . . . . . . . . . . . . . . . . . . . . . . . . . . . . . . . . . . . . Time . | . . . . . . . . . . . . . . . . . . . . . . . . . . . . . . . . . . . . . . . . Total Robot Build Rating . | . . . . . . . . . . . . . . . . . . . . . . . . . . . . . . . . . . . . . . . . Part Schematics Acquired 47 | . . . 4 . . . . . 2 . . 15 . 2 . . . . 8 . 4 . . . . . 1 5 . 1 . . 4 . 1 . . . . Parts Built 36 | . . . . . . . . . . . . . . 4 . 4 . . . . 7 . 4 . . . . 3 . 9 . . . . 5 . . . . Authchips 23 | . . . . . . . . . . . . . . 4 . 2 . . . . 3 . 3 . . . . 2 . 7 . . . . 2 . . . . Time 1483 | . . . . . . . . . . . . . . 132 . 186 . . . . 225 . 176 . . . . 131 . 366 . . . . 267 . . . . Total Part Build Rating 236 | . . . . . . . . . . . . . . 16 . 20 . . . . 43 . 26 . . . . 23 . 70 . . . . 38 . . . . Parts Repaired 46 | . . . 4 . 2 . . . . . . . . 2 . 4 . . . . 4 . 3 . . . . 8 . 5 . . . . 10 1 3 . . Time 2008 | . . . 133 . 104 . . . . . . . . 114 . 147 . . . . 83 . 170 . . . . 376 . 412 . . . . 365 16 88 . . Parts Recycled . | . . . . . . . . . . . . . . . . . . . . . . . . . . . . . . . . . . . . . . . . Recycled Matter . | . . . . . . . . . . . . . . . . . . . . . . . . . . . . . . . . . . . . . . . . Retrieved Matter . | . . . . . . . . . . . . . . . . . . . . . . . . . . . . . . . . . . . . . . . . Retrieved Components 12 | . . . . . . . 1 . . . . . . . . . . . . . 1 . 1 . . . . 9 . . . . . . . . . . . Parts Scanalyzed 3 | . . . 3 . . . . . . . . . . . . . . . . . . . . . . . . . . . . . . . . . . . . Part Schematics Acquired 3 | . . . 3 . . . . . . . . . . . . . . . . . . . . . . . . . . . . . . . . . . . . Parts Damaged . | . . . . . . . . . . . . . . . . . . . . . . . . . . . . . . . . . . . . . . . . Bothacking | -11 -10 -10 -8 -8 -8 -8 -7 -7 -7 -7 -7 -7 -6 -6 -6 -6 -6 -6 -6 -5 -5 -5 -5 -5 -5 -5 -5 -4 -4 -4 -4 -4 -4 -3 -3 -3 -3 -2 -1 ------------ Run | Yrd Mat Sub Mat Gar Mat Gar Fac Was Fac Low Low Zio Pro Fac Was Fac Low Low Dat Pro Fac Was Fac Ext Cet Arc Hub Fac Was Fac Upp Upp Zhi Pro Res Qua Sec Res Acc Used RIF Installer . | . . . . . . . . . . . . . . . . . . . . . . . . . . . . . . . . . . . . . . . . Robots Hacked . | . . . . . . . . . . . . . . . . . . . . . . . . . . . . . . . . . . . . . . . . Non-combat . | . . . . . . . . . . . . . . . . . . . . . . . . . . . . . . . . . . . . . . . . Combat . | . . . . . . . . . . . . . . . . . . . . . . . . . . . . . . . . . . . . . . . . Robot Hacks Applied . | . . . . . . . . . . . . . . . . . . . . . . . . . . . . . . . . . . . . . . . . Relay Couplers Released 16 | . . . . 3 . 11 . . . . . . . . . 2 . . . . . . . . . . . . . . . . . . . . . . . Machine Destruction 16 | . . . . 3 . 11 . . . . . . . . . 2 . . . . . . . . . . . . . . . . . . . . . . . Fabnet Peak Effective % . | . . . . . . . . . . . . . . . . . . . . . . . . . . . . . . . . . . . . . . . . Robots Rewired 9 | . . . . 3 . . . . . . . . . . . . . . . . . . . 6 . . . . . . . . . . . . . . . Allies Hacked 2 | . . . . . . . . . . . . . . . . . . . . . . . . . . . . . . 2 . . . . . . . . . Hacks Repelled . | . . . . . . . . . . . . . . . . . . . . . . . . . . . . . . . . . . . . . . . . Allies | -11 -10 -10 -8 -8 -8 -8 -7 -7 -7 -7 -7 -7 -6 -6 -6 -6 -6 -6 -6 -5 -5 -5 -5 -5 -5 -5 -5 -4 -4 -4 -4 -4 -4 -3 -3 -3 -3 -2 -1 -------- Run | Yrd Mat Sub Mat Gar Mat Gar Fac Was Fac Low Low Zio Pro Fac Was Fac Low Low Dat Pro Fac Was Fac Ext Cet Arc Hub Fac Was Fac Upp Upp Zhi Pro Res Qua Sec Res Acc Total Allies 98 | . . . . 3 . . . . 1 . . 2 . 4 . 2 . . . . 4 20 2 15 5 . 1 2 19 9 . . . . 4 1 4 . . Largest Group 20 | . . . . 3 . . . . 1 . . 2 2 3 . 1 . . . . 4 20 6 12 15 15 9 3 19 16 . . . . 2 1 1 1 1 Highest-Rated Group 1204 | . . . . 71 . . . . 10 . . 56 56 61 . 9 . . . . 88 782 154 494 907 907 583 288 702 620 . . . . 112 10 1204 1204 1204 Highest-Rated Ally 1204 | . . . . 31 . . . . 10 . . 31 31 26 . 9 . . . . 26 46 27 159 159 159 96 96 50 54 . . . . 56 10 1204 1204 1204 Initial Warlord ECA Mod 169 | . . . . . 3 3 7 7 7 7 7 7 6 6 6 6 6 6 6 5 5 5 5 5 5 5 5 4 4 4 4 4 4 3 3 3 3 2 1 Total Orders 15 | . . . . . . . . . . . . . . . . . . . . . 10 . . . . . 3 1 . . . . . . 1 . . . . STAY 10 | . . . . . . . . . . . . . . . . . . . . . 5 . . . . . 3 1 . . . . . . 1 . . . . FOLLOW 5 | . . . . . . . . . . . . . . . . . . . . . 5 . . . . . . . . . . . . . . . . . . Ally Attacks 597 | . . . . 7 . . . . . . . . 2 . . . . . . . . 10 33 146 38 48 50 40 90 90 . . . . 34 . 1 5 3 Total Damage 17951 | . . . . 139 . . . . . . . . 72 . . . . . . . . 175 500 3595 577 1059 1824 2511 3697 1738 . . . . 1349 . . 485 230 Kills 99 | . . . . 1 . . . . . . . . . . . . . . . . . 1 5 22 5 4 18 14 9 12 . . . . 7 . . 1 . Allies Corrupted 5 | . . . . . . . . . . . . . . . . . . . . . . . . . . . 1 . . 4 . . . . . . . . . Allies Melted 1 | . . . . . . . . . . . . . . . . . . . . . . . . . . . 1 . . . . . . . . . . . . Intel | -11 -10 -10 -8 -8 -8 -8 -7 -7 -7 -7 -7 -7 -6 -6 -6 -6 -6 -6 -6 -5 -5 -5 -5 -5 -5 -5 -5 -4 -4 -4 -4 -4 -4 -3 -3 -3 -3 -2 -1 ------- Run | Yrd Mat Sub Mat Gar Mat Gar Fac Was Fac Low Low Zio Pro Fac Was Fac Low Low Dat Pro Fac Was Fac Ext Cet Arc Hub Fac Was Fac Upp Upp Zhi Pro Res Qua Sec Res Acc Active Infowar (turns) 17121 | . . . . . . . 138 14 946 125 183 301 517 1064 15 1110 218 177 46 90 1452 54 1057 809 241 833 806 1657 158 1981 409 93 49 92 1232 385 634 180 55 Optics 2 | . . . . . . . . . . . . . . . . . 2 . . . . . . . . . . . . . . . . . . . . . . Sensors 16996 | . . . . . . . 138 14 918 125 183 301 517 1064 15 1109 216 177 46 90 1452 54 1057 809 241 833 806 1657 158 1981 409 93 49 92 1187 378 592 180 55 Terrain 2542 | . . . . . . . . . . . . . . . . . . . . . . . . . . . . . . 68 . . . . 1231 385 634 169 55 Structural 137 | . . . . . . . . . . . . . . . . . . . . . . . . . . . . 137 . . . . . . . . . . . ECM 75 | . . . . . . . . . 28 . . . . . . 47 . . . . . . . . . . . . . . . . . . . . . . . Robot Analysis Total 8 | . 2 . 1 . . . . . . . . . . . . . . . . . . . . . . . . . . . . . 4 . . . 1 . . Derelict Logs Recovered 11 | . . . . . . . . . . . 2 1 1 . . . 1 2 . 1 . . . . . . . . . . 3 . . . . . . . . Drone Launches . | . . . . . . . . . . . . . . . . . . . . . . . . . . . . . . . . . . . . . . . . Drone Recoveries . | . . . . . . . . . . . . . . . . . . . . . . . . . . . . . . . . . . . . . . . . Exploration | -11 -10 -10 -8 -8 -8 -8 -7 -7 -7 -7 -7 -7 -6 -6 -6 -6 -6 -6 -6 -5 -5 -5 -5 -5 -5 -5 -5 -4 -4 -4 -4 -4 -4 -3 -3 -3 -3 -2 -1 ------------- Run | Yrd Mat Sub Mat Gar Mat Gar Fac Was Fac Low Low Zio Pro Fac Was Fac Low Low Dat Pro Fac Was Fac Ext Cet Arc Hub Fac Was Fac Upp Upp Zhi Pro Res Qua Sec Res Acc Turns Passed 28037 | 83 1719 1721 2776 1010 2257 891 221 14 952 125 183 313 517 1064 15 1385 221 177 46 90 1452 54 1057 809 241 833 806 1696 186 1994 409 93 49 92 1232 385 634 180 55 Spaces Moved 39301 | 48 824 639 916 525 780 394 552 61 2138 452 689 715 413 2431 60 3247 688 617 105 324 2815 152 2436 1151 102 61 1210 3128 336 4312 482 465 158 272 2015 1203 1508 727 150 Core 11 | 2 . . . . . . . . . . . . . . . . . . . . . . . 9 . . . . . . . . . . . . . . . Treads 4124 | 46 824 639 916 525 780 394 . . . . . . . . . . . . . . . . . . . . . . . . . . . . . . . . . Legs . | . . . . . . . . . . . . . . . . . . . . . . . . . . . . . . . . . . . . . . . . Wheels . | . . . . . . . . . . . . . . . . . . . . . . . . . . . . . . . . . . . . . . . . Hover . | . . . . . . . . . . . . . . . . . . . . . . . . . . . . . . . . . . . . . . . . Flight 35166 | . . . . . . . 552 61 2138 452 689 715 413 2431 60 3247 688 617 105 324 2815 152 2436 1142 102 61 1210 3128 336 4312 482 465 158 272 2015 1203 1508 727 150 Fastest Speed 5 | 50 160 240 160 162 162 160 23 23 23 23 23 23 26 23 24 11 11 11 14 14 5 23 23 5 23 23 14 6 20 6 6 6 20 20 6 6 6 14 8 Average Speed 41 | 155 183 240 212 162 236 186 24 23 24 23 23 23 26 24 24 24 23 24 24 25 24 23 23 26 23 23 22 20 20 20 19 19 20 20 19 19 19 19 17 Slowest Speed 500 | 160 240 240 242 162 242 236 26 23 26 23 23 26 26 26 24 27 24 92 91 26 26 23 26 500 23 23 23 23 20 23 20 20 20 20 23 20 20 20 20 Overloaded Moves 271 | . . . . . . . . . . . . . . . . 23 3 5 25 34 4 . 9 12 . . 12 30 . 28 6 7 . . 24 21 10 . 18 Propulsion Burnouts . | . . . . . . . . . . . . . . . . . . . . . . . . . . . . . . . . . . . . . . . . Robots Hopped 258 | . . . . . . . 1 . 34 . . . . 8 . 21 1 1 3 . 13 . 19 12 . . 73 12 . 17 . . . . 8 1 6 28 . Potential Cave-ins . | . . . . . . . . . . . . . . . . . . . . . . . . . . . . . . . . . . . . . . . . Cave-ins Triggered . | . . . . . . . . . . . . . . . . . . . . . . . . . . . . . . . . . . . . . . . . Exploration Rate (%) 63 | 5 99 38 76 88 70 51 22 72 58 62 85 79 62 56 65 59 83 81 77 60 54 85 56 85 58 77 69 61 92 73 59 72 62 51 40 77 61 37 9 Regions Visited 39 Branch Regions 19 Pre-discovered Areas 14 | . 2 . 1 . . . . . . 1 . 1 . . . . 1 . 1 . . . . . . . . 2 . . 1 1 3 . . . . . . Known Exits Taken 26 | . . . 1 . 1 . . . 1 1 1 1 1 . . 1 1 1 1 1 . . 1 1 1 1 1 . . 1 1 1 1 1 1 1 1 1 . Unknown Exits Taken 3 | 1 1 1 . . . . . . . . . . . . . . . . . . . . . . . . . . . . . . . . . . . . . Scrap Searched 35 | . . 8 . . . . . . . 8 3 1 2 . . . 4 4 . 2 . . . . . . . . . . 2 1 . . . . . . . Spaces Dug 305 | . . . . 2 3 . 2 . 25 11 4 . . 19 . 14 6 2 . . 41 . 23 2 . . 18 40 . 40 1 . . 20 15 2 6 8 1 Terrain Destroyed 1020 | . 63 6 5 16 3 17 28 . 49 29 4 . 12 19 . 55 48 60 . . 53 . 23 49 . . 18 108 . 69 57 59 . 36 60 2 39 8 25 Melee 243 | . . . . 2 3 . 2 . 25 . 4 . . 19 . 14 5 . . . 36 . 16 2 . . 15 27 . 40 1 . . . 15 2 6 8 1 Projectile 21 | . . . . . . . . . . . . . . . . 1 2 3 . . 5 . 7 . . . 3 . . . . . . . . . . . . AOE 756 | . 63 6 5 14 . 17 26 . 24 29 . . 12 . . 40 41 57 . . 12 . . 47 . . . 81 . 29 56 59 . 36 45 . 33 . 24 Terrain Rammed . | . . . . . . . . . . . . . . . . . . . . . . . . . . . . . . . . . . . . . . . . Walls Destroyed . | . . . . . . . . . . . . . . . . . . . . . . . . . . . . . . . . . . . . . . . . Machines Disabled . | . . . . . . . . . . . . . . . . . . . . . . . . . . . . . . . . . . . . . . . . Actions | -11 -10 -10 -8 -8 -8 -8 -7 -7 -7 -7 -7 -7 -6 -6 -6 -6 -6 -6 -6 -5 -5 -5 -5 -5 -5 -5 -5 -4 -4 -4 -4 -4 -4 -3 -3 -3 -3 -2 -1 --------- Run | Yrd Mat Sub Mat Gar Mat Gar Fac Was Fac Low Low Zio Pro Fac Was Fac Low Low Dat Pro Fac Was Fac Ext Cet Arc Hub Fac Was Fac Upp Upp Zhi Pro Res Qua Sec Res Acc Total 49087 | 54 935 730 1562 622 1082 482 604 60 2474 469 706 856 818 2846 59 3707 728 633 117 329 3414 170 2838 1618 319 876 1627 4086 453 5309 787 465 171 306 2743 1322 1813 724 173 Wait 8216 | . 29 12 449 13 179 22 2 . 233 6 14 132 403 358 . 331 22 8 6 4 487 19 356 441 214 813 464 841 118 884 300 1 . 33 638 90 274 9 11 Move 38799 | 47 823 638 916 524 780 393 550 60 2074 451 688 714 412 2415 59 3205 685 614 98 323 2790 151 2400 1128 101 60 1083 3105 335 4278 481 464 157 271 1999 1200 1495 683 149 Hop 210 | . . . . . . . 1 . 29 . . . . 8 . 20 1 1 3 . 12 . 16 10 . . 53 11 . 16 . . . . 7 1 6 15 . Pick Up 142 | 1 11 3 27 . 12 . 2 . 7 4 . . . 8 . 10 1 . 2 . 9 . 7 1 . . . 10 . 12 . . 1 . 7 4 3 . . Fast Attach 124 | 6 4 1 5 1 5 . 6 . 9 . . 5 . 2 . 10 3 . 1 . 7 . 3 . 1 . 1 9 . 10 . . 5 . 14 5 9 . 2 Attach 84 | . . 3 6 1 1 4 2 . 1 1 . . . 7 . 6 . 1 . . 8 . 3 1 . . . 7 . 13 . . . . 5 2 3 4 5 Detach 45 | . 3 . 1 . 3 . 5 . 1 . . 2 . 1 . 1 2 1 1 . 3 . . . . . . 4 . 4 . . . . 4 3 2 3 1 Swap 172 | . 5 10 29 8 11 7 8 . 7 . . 1 . 7 . 21 3 . 1 1 5 . 10 2 1 . . 18 . 9 . . 1 . 4 . 3 . . Drop 138 | . 4 . 25 . 16 . 9 . 9 3 . 1 . 5 . 11 2 . 2 . 9 . 5 2 2 . 1 7 . 9 . . 5 . 5 . 5 . 1 Fire 395 | . 48 32 94 27 65 45 3 . 1 4 . . 3 . . 4 4 8 . . 7 . 7 9 . 3 4 9 . 3 5 . . 2 3 . 3 . 2 Melee 573 | . . 31 1 14 3 5 16 . 39 . 4 1 . 35 . 63 5 . 3 1 77 . 31 8 . . 21 45 . 71 1 . 2 . 57 17 10 10 2 Ram . | . . . . . . . . . . . . . . . . . . . . . . . . . . . . . . . . . . . . . . . . Kick . | . . . . . . . . . . . . . . . . . . . . . . . . . . . . . . . . . . . . . . . . Crush 25 | . 8 . 9 1 7 . . . . . . . . . . . . . . . . . . . . . . . . . . . . . . . . . . Escape Stasis 115 | . . . . . . 6 . . 64 . . . . . . 25 . . . . . . . . . . . 20 . . . . . . . . . . . Rewire 49 | . . . . 33 . . . . . . . . . . . . . . . . . . . 16 . . . . . . . . . . . . . . . Trap . | . . . . . . . . . . . . . . . . . . . . . . . . . . . . . . . . . . . . . . . . Miscellaneous . | . . . . . . . . . . . . . . . . . . . . . . . . . . . . . . . . . . . . . . . . Route ------- -11/Scrapyard -10/Materials (discovered 6 exits: [*Mat x3] / [*Min x2] / *Sub) -10/Subcaves -8/Materials (discovered 3 exits: *Fac x2 / Gar) -8/Garrison (discovered 3 exits: *Mat x3) -8/Materials (discovered 4 exits: *Fac x3 / Gar) -8/Garrison (discovered 3 exits: *Fac x3) -7/Factory -7/Waste -7/Factory (discovered 4 exits: *Fac x2 / *Low x2) -7/Lower Caves -7/Lower Caves -7/Zion -6/Proximity Caves -6/Factory (discovered 3 exits: *Fac / *Low x2) -6/Waste -6/Factory (discovered 4 exits: *Fac x3 / *Low) -6/Lower Caves -6/Lower Caves (discovered 2 exits: Fac / *Dat) -6/Data Miner -5/Proximity Caves -5/Factory (discovered 8 exits: *Fac x4 / *Upp x2 / Ext x2) -5/Waste -5/Factory (discovered 6 exits: *Fac x2 / *Upp x2 / *Ext x2) -5/Extension (discovered 2 exits: *Fac / *Cet) -5/Cetus -5/Archives -5/Hub_04(d) (discovered 4 exits: *Fac x4) -4/Factory (discovered 7 exits: *Res x4 / Upp x2 / Arm) -4/Waste -4/Factory (discovered 7 exits: *Res x4 / *Upp x2 / Arm) -4/Upper Caves -4/Upper Caves (discovered 2 exits: *Res / *Zhi) -4/Zhirov -3/Proximity Caves -3/Research (discovered 5 exits: Res x3 / *Qua x2) -3/Quarantine (discovered 3 exits: Res / *Sec / *Frg) -3/Section 7 -2/Research (discovered 3 exits: *Acc / *Tes x2) -1/Access Tau Ceti IV Orbit History --------- Turn | Location | Event 23 | -11/Scrapyard | Discovered new exit (range 15) 84 | -11/Scrapyard | Entered Materials 318 | -10/Materials | Build established: Mutant 371 | -10/Materials | Discovered new exit (range 3) 726 | -10/Materials | Discovered new exit (range 8) 756 | -10/Materials | Discovered new exit (range 16) 805 | -10/Materials | Discovered new exit (range 13) 918 | -10/Materials | Discovered new exit (range 13) 1036 | -10/Materials | Discovered new exit (range 16) 1803 | -10/Materials | Entered Subcaves 2043 | -10/Subcaves | Visited 4L-MR0's lab 2071 | -10/Subcaves | Found Gun Armor 2190 | -10/Subcaves | Shifting Twisted Machinery released Flamer 2207 | -10/Subcaves | Shifting Twisted Machinery released Sub. Monowheel 2972 | -10/Subcaves | Lost 4 parts (2p1n1u) 3045 | -10/Subcaves | Discovered new exit (range 13) 3161 | -10/Subcaves | Core integrity fell below 50% 3524 | -10/Subcaves | Entered Materials 3524 | -8/Materials | Evolved 4 slots: Propulsion x2, Utility x2 3565 | -8/Materials | Repaired Lgt. Treads 4470 | -8/Materials | Build established: Scavenger-Mutant 4607 | -8/Materials | Learned 2 Storage zone layouts 4658 | -8/Materials | Identified exit to Factory 4700 | -8/Materials | Learned location of 1 exit from Extension 4733 | -8/Materials | Learned location of 1 exit from Lower Caves 4755 | -8/Materials | Learned Storage stockpile data 4832 | -8/Materials | Learned location of Zion (-7) 4884 | -8/Materials | Attached Gun Armor, gained temporary slots: Weapon x2 5236 | -8/Materials | Build established: Tank 5892 | -8/Materials | Repaired Med. Armor Plating 5937 | -8/Materials | Repaired Mak. Axe 5982 | -8/Materials | Repaired Med. Treads 6140 | -8/Materials | Identified exit to Garrison 6300 | -8/Materials | Entered Garrison 6382 | -8/Garrison | Triggered checkpoint 6454 | -8/Garrison | Triggered checkpoint 6510 | -8/Garrison | Build established: Scavenger-Gunner 6694 | -8/Garrison | Discovered new exit (range 10) 6818 | -8/Garrison | Build established: Gunner 6858 | -8/Garrison | Triggered checkpoint 6935 | -8/Garrison | Discovered new exit (range 15) 7064 | -8/Garrison | Triggered checkpoint 7111 | -8/Garrison | Lost 3 allies 7122 | -8/Garrison | Triggered checkpoint 7194 | -8/Garrison | Garrison Relay disabled 7237 | -8/Garrison | Discovered new exit (range 11) 7289 | -8/Garrison | Discovered new exit (range 85) 7289 | -8/Garrison | Discovered new exit (range 13) 7289 | -8/Garrison | Discovered new exit (range 45) 7310 | -8/Garrison | Entered Materials 7414 | -8/Materials | Repaired Enh. Autogun 7460 | -8/Materials | Repaired Med. Treads 7767 | -8/Materials | Build established: Tank 8594 | -8/Materials | Discovered exit to Factory (range 15) 9567 | -8/Materials | Identified exit to Garrison 9567 | -8/Materials | Entered Garrison 9677 | -8/Garrison | Triggered checkpoint 9738 | -8/Garrison | Garrison Relay disabled 9877 | -8/Garrison | Triggered checkpoint 10113 | -8/Garrison | Discovered exit to Factory (range 10) 10131 | -8/Garrison | Triggered checkpoint 10167 | -8/Garrison | Triggered checkpoint 10170 | -8/Garrison | Garrison Relay disabled 10291 | -8/Garrison | Triggered checkpoint 10315 | -8/Garrison | Garrison Relay disabled 10384 | -8/Garrison | Discovered exit to Factory (range 10) 10426 | -8/Garrison | Discovered exit to Factory (range 51) 10426 | -8/Garrison | Discovered exit to Factory (range 6) 10426 | -8/Garrison | Discovered exit to Factory (range 50) 10458 | -8/Garrison | Entered Factory 10458 | -7/Factory | Evolved 2 slots: Propulsion x1, Utility x1 10488 | -7/Factory | Garrison activated, responded to threat 10519 | -7/Factory | Discovered new exit (range 14) 10679 | -7/Factory | Sucked down chute 10679 | -7/Factory | Entered Waste 10681 | -7/Waste | Spotted C-40 Crusher 10682 | -7/Waste | Spotted C-40 Crusher 10685 | -7/Waste | Spotted C-40 Crusher 10688 | -7/Waste | Spotted C-40 Crusher 10691 | -7/Waste | Discovered new exit (range 10) 10693 | -7/Waste | Identified exit to Factory 10693 | -7/Waste | Entered Factory 10804 | -7/Factory | Build established: Hacker-Sprinter 10983 | -7/Factory | Identified exit to Lower Caves 11189 | -7/Factory | Discovered new exit (range 9) 11200 | -7/Factory | Identified exit to Factory 11227 | -7/Factory | Discovered exit to Factory (range 5) 11645 | -7/Factory | Entered Lower Caves 11646 | -7/Lower Caves | Identified exit to Lower Caves 11666 | -7/Lower Caves | Met a Warlord Commander 11667 | -7/Lower Caves | Learned location of Warlord (-5) 11668 | -7/Lower Caves | Warlord Commander delivered Encrypted Comm Array 11671 | -7/Lower Caves | Found Encrypted Comm Array 11770 | -7/Lower Caves | Entered another Lower Caves area 11785 | -7/Lower Caves | Identified exit to Zion 11787 | -7/Lower Caves | Learned Factory stockpile data 11844 | -7/Lower Caves | Encountered a Warlord checkpoint 11953 | -7/Lower Caves | Entered Zion 11958 | -7/Zion | Learned Factory security intel 11982 | -7/Zion | Discovered new exit (range 8) 12054 | -7/Zion | Learned Factory emergency access door positions 12071 | -7/Zion | Gained Derelict followers 12078 | -7/Zion | Given A8's code to call for help 12094 | -7/Zion | Found Prototype Processor 12094 | -7/Zion | Identified Exp. Core Analyzer 12098 | -7/Zion | Found Prototype Processor 12098 | -7/Zion | Identified Exp. Armor Integrity Analyzer 12134 | -7/Zion | Identified exit to Proximity Caves 12266 | -7/Zion | Entered Proximity Caves 12266 | -6/Proximity Caves | Accompanied by 2 allies 12434 | -6/Proximity Caves | Received a Behemoth hack from an annoying Tinkerer 12585 | -6/Proximity Caves | Learned Factory emergency access door positions 12743 | -6/Proximity Caves | Spotted B-75 Beast 12777 | -6/Proximity Caves | Attracted the attention of an 0b10 checkpoint 12781 | -6/Proximity Caves | Discovered exit to Factory (range 7) 12783 | -6/Proximity Caves | Entered Factory 12783 | -6/Factory | Evolved 2 slots: Utility x2 13063 | -6/Factory | Repaired Broken Imp. VTOL Module 13154 | -6/Factory | Discovered new exit (range 11) 13158 | -6/Factory | Identified exit to Factory 13187 | -6/Factory | Identified exit to Lower Caves 13397 | -6/Factory | Cargo convoy interrupted 13491 | -6/Factory | Fabricated Cld. VTOL Module (x1) 13525 | -6/Factory | Fabricated Cld. VTOL Module? 13575 | -6/Factory | Fabricated Cld. VTOL Module (x1) 13610 | -6/Factory | Fabricated Cld. VTOL Module (x1) 13664 | -6/Factory | Repaired Missile Launcher 13733 | -6/Factory | Spotted B-75 Beast 13847 | -6/Factory | Manually triggered Chute Trap 13847 | -6/Factory | Sucked down chute 13847 | -6/Factory | Entered Waste 13850 | -6/Waste | Spotted C-40 Crusher 13850 | -6/Waste | Spotted C-40 Crusher 13854 | -6/Waste | Spotted C-40 Crusher 13855 | -6/Waste | Spotted C-40 Crusher 13858 | -6/Waste | Discovered new exit (range 16) 13860 | -6/Waste | Spotted C-40 Crusher 13861 | -6/Waste | Identified exit to Factory 13862 | -6/Waste | Entered Factory 13948 | -6/Factory | Fabricated Adv. Hacking Suite (x1) 13977 | -6/Factory | Fabricated Adv. Hacking Suite (x1) 14108 | -6/Factory | Discovered exit to Lower Caves (range 8) 14179 | -6/Factory | Fabricated Cld. VTOL Module? 14250 | -6/Factory | Discovered exit to Factory (range 4) 14484 | -6/Factory | Repaired Hrd. Medium Armor Plating 14545 | -6/Factory | Repaired Enh. Nuclear Core? 14565 | -6/Factory | Repaired Cld. VTOL Module? 14756 | -6/Factory | Discovered exit to Factory (range 15) 14921 | -6/Factory | Cargo convoy interrupted 14965 | -6/Factory | Fabricated Cld. VTOL Module? 15048 | -6/Factory | Discovered exit to Factory (range 9) 15145 | -6/Factory | Repaired Cld. VTOL Module 15247 | -6/Factory | Entered Lower Caves 15273 | -6/Lower Caves | Attracted the attention of an 0b10 checkpoint 15345 | -6/Lower Caves | Learned location of Extension (-5) 15345 | -6/Lower Caves | Learned Factory trap positions 15345 | -6/Lower Caves | Learned Research security intel 15345 | -6/Lower Caves | Learned Research terminal intel 15461 | -6/Lower Caves | Encountered a Warlord checkpoint 15461 | -6/Lower Caves | Learned Factory emergency access door positions 15463 | -6/Lower Caves | Discovered new exit (range 14) 15468 | -6/Lower Caves | Identified exit to Lower Caves 15468 | -6/Lower Caves | Entered another Lower Caves area 15470 | -6/Lower Caves | Learned 8 Factory zone layouts 15499 | -6/Lower Caves | Learned Armory stockpile data 15499 | -6/Lower Caves | Learned Extension stockpile data 15499 | -6/Lower Caves | Learned Research stockpile data 15499 | -6/Lower Caves | Learned Extension trap positions 15589 | -6/Lower Caves | Discovered new exit (range 7) 15590 | -6/Lower Caves | Identified exit to Data Miner 15596 | -6/Lower Caves | Encountered a Warlord checkpoint 15645 | -6/Lower Caves | Entered Data Miner 15645 | -6/Data Miner | Discovered new exit (range 6) 15650 | -6/Data Miner | Met Data Miner 15654 | -6/Data Miner | Learned location of Section 7 (-3) 15660 | -6/Data Miner | Received God Mode back door access code from Data Miner 15663 | -6/Data Miner | Destroyed Data Miner 15666 | -6/Data Miner | Data Conduit disabled 15670 | -6/Data Miner | Found Prototype Hackware 15670 | -6/Data Miner | Identified Quantum Router 15672 | -6/Data Miner | Found Prototype Hackware 15674 | -6/Data Miner | Found Prototype Hackware 15691 | -6/Data Miner | Identified exit to Proximity Caves 15691 | -6/Data Miner | Entered Proximity Caves 15719 | -5/Proximity Caves | Learned Factory trap positions 15781 | -5/Proximity Caves | Entered Factory 15781 | -5/Factory | Evolved 2 slots: Utility x2 15781 | -5/Factory | Identified Deep Network Scanner 15782 | -5/Factory | Identified exit to Factory 15782 | -5/Factory | Identified Ghost Barrier 15783 | -5/Factory | Identified exit to Extension 15784 | -5/Factory | Loaded intel: 70 trap records 15947 | -5/Factory | Fabricated Lrn. Sensor Array? 16024 | -5/Factory | Spotted B-75 Beast 16034 | -5/Factory | Identified exit to Upper Caves 16090 | -5/Factory | Build established: Wizard-Sprinter 16242 | -5/Factory | Repaired Cld. VTOL Module 16267 | -5/Factory | Repaired Cld. VTOL Module 16291 | -5/Factory | Repaired Cld. VTOL Module 16776 | -5/Factory | Fabricated Exp. Utility Shielding (x1) 16821 | -5/Factory | Fabricated Cld. Nuclear Pulse Thruster (x1) 16864 | -5/Factory | Fabricated Cld. Nuclear Pulse Thruster (x1) 16908 | -5/Factory | Fabricated Cld. Nuclear Pulse Thruster (x1) 17056 | -5/Factory | Repaired Great Axe 17118 | -5/Factory | Fabricated Cld. Nuclear Pulse Thruster (x1) 17233 | -5/Factory | Manually triggered Chute Trap 17233 | -5/Factory | Sucked down chute 17233 | -5/Factory | Entered Waste 17234 | -5/Waste | Joined by Warlord forces that had cleared the area 17243 | -5/Waste | A Compactor rumbled back to life 17243 | -5/Waste | Spotted C-40 Crusher 17253 | -5/Waste | Discovered new exit (range 11) 17271 | -5/Waste | Identified exit to Factory 17287 | -5/Waste | Entered Factory 17287 | -5/Factory | Accompanied by 6 allies 17288 | -5/Factory | Loaded intel: 85 trap records 17436 | -5/Factory | Discovered exit to Upper Caves (range 5) 17515 | -5/Factory | Discovered exit to Extension (range 15) 17591 | -5/Factory | Discovered exit to Factory (range 4) 17642 | -5/Factory | Fabricated Cld. Nuclear Pulse Thruster? 17689 | -5/Factory | Fabricated Cld. Nuclear Pulse Thruster? 17907 | -5/Factory | Repaired Lrn. Missile Launcher 17978 | -5/Factory | Repaired Enh. Nuclear Core 18029 | -5/Factory | Repaired Phase Cannon 18069 | -5/Factory | Discovered exit to Factory (range 13) 18197 | -5/Factory | Fabricated Exp. Hacking Suite? 18338 | -5/Factory | Fabricated Exp. Hacking Suite (x1) 18344 | -5/Factory | Entered Extension 18346 | -5/Extension | Loaded intel: 26 trap records 18367 | -5/Extension | Rescued a captive Derelict 18423 | -5/Extension | Rescued A7 18500 | -5/Extension | Rescued a captive Derelict 18558 | -5/Extension | Rescued a captive Derelict 18642 | -5/Extension | Rescued a captive Derelict 18879 | -5/Extension | Spotted B-75 Beast 18888 | -5/Extension | Spotted B-75 Beast 18890 | -5/Extension | Allies destroyed B-75 Beast 18922 | -5/Extension | Allies destroyed B-75 Beast 18935 | -5/Extension | Rescued a captive Derelict 18945 | -5/Extension | Rescued a captive Derelict 18946 | -5/Extension | Rescued a captive Derelict 18956 | -5/Extension | Rescued a captive Derelict 19102 | -5/Extension | Discovered new exit (range 6) 19122 | -5/Extension | Identified exit to Cetus 19153 | -5/Extension | Entered Cetus 19153 | -5/Cetus | Accompanied by 11 allies (A7) 19158 | -5/Cetus | Acquired a Cetus Manufacturing Module code from A7 19213 | -5/Cetus | Spotted Cetus Guard 19217 | -5/Cetus | Allies destroyed Cetus Guard 19229 | -5/Cetus | Started Cetus Manufacturing Module 19254 | -5/Cetus | Manufactured an Enhanced Grunt 19278 | -5/Cetus | Escorted A7 to Cetus Mainframe 19279 | -5/Cetus | Manufactured an Enhanced Grunt 19281 | -5/Cetus | Discovered new exit (range 15) 19284 | -5/Cetus | Identified exit to Archives 19304 | -5/Cetus | Manufactured an Enhanced Grunt 19329 | -5/Cetus | Manufactured an Enhanced Grunt 19354 | -5/Cetus | Manufactured an Enhanced Grunt 19394 | -5/Cetus | Entered Archives 19394 | -5/Archives | Accompanied by 15 allies (A7) 19399 | -5/Archives | Received a hacking code to weaken MAIN.C 19449 | -5/Archives | Discovered new exit (range 16) 19453 | -5/Archives | Identified exit to Hub_04(d) 19472 | -5/Archives | Lost 6 allies 20227 | -5/Archives | Entered Hub_04(d) 20227 | -5/Hub_04(d) | Accompanied by 8 allies 20853 | -5/Hub_04(d) | Network Hub disabled 20871 | -5/Hub_04(d) | Network Hub disabled 20944 | -5/Hub_04(d) | Network Hub disabled 21033 | -5/Hub_04(d) | Entered Factory 21033 | -4/Factory | Accompanied by 3 allies 21033 | -4/Factory | Evolved 2 slots: Power x1, Propulsion x1 21187 | -4/Factory | Identified exit to Garrison 21207 | -4/Factory | Identified exit to Research 21207 | -4/Factory | Identified exit to Upper Caves 21207 | -4/Factory | Identified exit to Armory 21247 | -4/Factory | Spotted B-86 Titan 21253 | -4/Factory | Lost 3 allies 21316 | -4/Factory | Fabricated Exp. Hacking Suite (x1) 21381 | -4/Factory | Destroyed 9 combat bots 21590 | -4/Factory | Fabricated Cld. Impulse Thruster (x1) 21689 | -4/Factory | Repaired Cld. Nuclear Pulse Thruster 21747 | -4/Factory | Repaired Cld. Nuclear Pulse Thruster 21778 | -4/Factory | Repaired Cld. Nuclear Pulse Thruster 21795 | -4/Factory | Repaired Lrn. Missile Launcher 21822 | -4/Factory | Repaired Exp. Utility Shielding 21986 | -4/Factory | Spotted B-86 Titan 22057 | -4/Factory | Fabricated Graviton Reactor? 22462 | -4/Factory | Repaired Cld. Nuclear Pulse Thruster 22481 | -4/Factory | Learned location of 1 exit from Armory 22571 | -4/Factory | Repaired Cld. Impulse Thruster 22588 | -4/Factory | Learned 4 Proximity Caves zone layouts 22623 | -4/Factory | Repaired Phase Cannon 22623 | -4/Factory | Learned location of Armory (-4) 22668 | -4/Factory | Learned location of 3 exits from Factory 22729 | -4/Factory | Manually triggered Chute Trap 22729 | -4/Factory | Sucked down chute 22729 | -4/Factory | Entered Waste 22732 | -4/Waste | Spotted C-40 Crusher 22739 | -4/Waste | Discovered new exit (range 15) 22739 | -4/Waste | Spotted C-40 Crusher 22739 | -4/Waste | Spotted C-40 Crusher 22739 | -4/Waste | Spotted C-40 Crusher 22741 | -4/Waste | Identified exit to Factory 22752 | -4/Waste | Spotted C-40 Crusher 22770 | -4/Waste | Warlord forces began an assault 22814 | -4/Waste | Spotted C-40 Crusher 22817 | -4/Waste | Allies destroyed C-40 Crusher 22844 | -4/Waste | Lost 3 allies 22915 | -4/Waste | Entered Factory 22915 | -4/Factory | Accompanied by 16 allies 22925 | -4/Factory | Discovered exit to Upper Caves (range 13) 22996 | -4/Factory | Lost 8 allies 23091 | -4/Factory | Lost 4 allies 23136 | -4/Factory | Fabricated Exp. Sensor Array (x1) 23174 | -4/Factory | Fabricated Exp. Terrain Scanner (x1) 23208 | -4/Factory | Fabricated Exp. Terrain Scan Processor (x1) 23241 | -4/Factory | Repaired Cld. Nuclear Pulse Thruster 23244 | -4/Factory | Fabricated Cld. Impulse Thruster? 23269 | -4/Factory | Repaired Katana? 23289 | -4/Factory | Fabricated Graviton Reactor (x1) 23358 | -4/Factory | Repaired Cld. Nuclear Pulse Thruster 23684 | -4/Factory | Fabricated Exp. Signal Interpreter? 23812 | -4/Factory | Fabricated Cld. Impulse Thruster (x1) 23842 | -4/Factory | Noticed a derelict Sapper rigging charges 23868 | -4/Factory | Fabricated Cld. Impulse Thruster (x1) 24114 | -4/Factory | Found Prototype Launcher 24140 | -4/Factory | Identified Com. Tesla Bomb Launcher 24174 | -4/Factory | Loaded intel: 238 non-interactive machine locations 24231 | -4/Factory | Repaired Cld. Impulse Thruster 24238 | -4/Factory | Learned 2 Proximity Caves zone layouts 24290 | -4/Factory | Learned location of 2 exits from Factory 24332 | -4/Factory | Learned Research non-interactive machine intel 24364 | -4/Factory | Learned Research security intel 24368 | -4/Factory | Spotted B-86 Titan 24418 | -4/Factory | Learned Research terminal intel 24460 | -4/Factory | Learned Research security intel 24489 | -4/Factory | Fabricated Graviton Reactor? 24522 | -4/Factory | Lost 3 allies 24824 | -4/Factory | Repaired Cld. Nuclear Pulse Thruster 24842 | -4/Factory | System corruption reached 10% 24909 | -4/Factory | Entered Upper Caves 24910 | -4/Upper Caves | Identified exit to Upper Caves 25258 | -4/Upper Caves | Learned Research interactive machine intel 25312 | -4/Upper Caves | Learned location of 1 exit from Upper Caves 25317 | -4/Upper Caves | Learned Research emergency access door positions 25317 | -4/Upper Caves | Learned Extension trap positions 25318 | -4/Upper Caves | Entered another Upper Caves area 25387 | -4/Upper Caves | Learned Research garrison access intel 25387 | -4/Upper Caves | Learned Research emergency access door positions 25387 | -4/Upper Caves | Learned Research trap positions 25391 | -4/Upper Caves | Attracted the attention of an 0b10 base 25410 | -4/Upper Caves | Discovered new exit (range 11) 25411 | -4/Upper Caves | Identified exit to Zhirov 25411 | -4/Upper Caves | Entered Zhirov 25411 | -4/Zhirov | Discovered new exit (range 4) 25412 | -4/Zhirov | Identified exit to Proximity Caves 25416 | -4/Zhirov | Met Zhirov 25420 | -4/Zhirov | Learned location of Quarantine (-3) 25420 | -4/Zhirov | Learned location of Testing (-2) 25420 | -4/Zhirov | Learned location of Command (-1) 25423 | -4/Zhirov | Zhirov requested help retrieving the SGEMP Prototype 25427 | -4/Zhirov | Found Alien Artifact 25427 | -4/Zhirov | Identified Integrated Reactor 25427 | -4/Zhirov | Installed Integrated Reactor, increased core energy generation (+10) 25435 | -4/Zhirov | Found Alien Artifact 25460 | -4/Zhirov | Entered Proximity Caves 25549 | -3/Proximity Caves | Discovered exit to Research (range 14) 25552 | -3/Proximity Caves | Entered Research 25552 | -3/Research | Evolved 2 slots: Utility x2 25553 | -3/Research | Identified exit to Quarantine 25554 | -3/Research | Loaded intel: 104 trap records 25558 | -3/Research | Loaded intel: 67 non-interactive machine locations 25559 | -3/Research | Loaded intel: 47 interactive machine locations 25560 | -3/Research | Loaded intel: 24 terminal locations 25561 | -3/Research | Loaded intel: 4 garrison access locations 25562 | -3/Research | Central database locked down 25567 | -3/Research | Identified exit to Research 25606 | -3/Research | Repaired Lrn. Missile Launcher 25651 | -3/Research | Repaired Cld. Nuclear Pulse Thruster 25772 | -3/Research | Repaired Graviton Reactor 25817 | -3/Research | Repaired Cld. Nuclear Pulse Thruster 25844 | -3/Research | Repaired Lrn. Missile Launcher 26078 | -3/Research | Fabricated Quantum Shading Machine (x1) 26120 | -3/Research | Build established: Wizard-Scout 26142 | -3/Research | Fabricated Exp. Reaction Control System (x1) 26193 | -3/Research | Spotted B-86 Titan 26271 | -3/Research | Fabricated Exp. Utility Shielding (x1) 26327 | -3/Research | Fabricated Cld. Impulse Thruster (x1) 26498 | -3/Research | Repaired Graviton Reactor 26537 | -3/Research | Repaired Cld. Impulse Thruster 26567 | -3/Research | Repaired Cld. Nuclear Pulse Thruster 26604 | -3/Research | Repaired Centrium Medium Armor Plating 26641 | -3/Research | Repaired Cld. Impulse Thruster 26700 | -3/Research | Fabricated Cld. Impulse Thruster (x1) 26784 | -3/Research | Entered Quarantine 26941 | -3/Quarantine | Found Alien Artifact 26991 | -3/Quarantine | Cryocooling Duct disabled 27006 | -3/Quarantine | Ambient heat levels rising (+20) 27006 | -3/Quarantine | Non-combat units ordered to evacuate 27039 | -3/Quarantine | Repaired Lrn. Missile Launcher? 27078 | -3/Quarantine | Discovered exit to Research (range 23) 27089 | -3/Quarantine | Found Alien Artifact 27100 | -3/Quarantine | Found Alien Artifact 27100 | -3/Quarantine | Identified Phase Redirector 27112 | -3/Quarantine | Met incapacitated Sigix Warrior 27112 | -3/Quarantine | Lockdown squad dispatched 27112 | -3/Quarantine | Acquired the access code to the Sigix quarantine chamber 27113 | -3/Quarantine | Unlocked Sigix quarantine chamber 27114 | -3/Quarantine | Found Sigix Containment Pod 27134 | -3/Quarantine | Spotted Lightning 27134 | -3/Quarantine | Spotted Lightning 27155 | -3/Quarantine | Spotted Fortress 27164 | -3/Quarantine | Discovered new exit (range 25) 27167 | -3/Quarantine | Discovered new exit (range 6) 27168 | -3/Quarantine | Identified exit to Section 7 27169 | -3/Quarantine | Identified exit to Protoforge 27169 | -3/Quarantine | Entered Section 7 27174 | -3/Section 7 | Found Alien Artifact 27174 | -3/Section 7 | Identified Integrity Redistributor 27174 | -3/Section 7 | Used Integrity Redistributor, redistributed integrity from core (-45) 27180 | -3/Section 7 | Identified Subatomic Replicator 27180 | -3/Section 7 | Identified Transdimensional Reconstructor 27180 | -3/Section 7 | Identified Terrabomb 27264 | -3/Section 7 | Found Alien Artifact 27264 | -3/Section 7 | Identified Core Reset Matrix 27264 | -3/Section 7 | Used Core Reset Matrix 27268 | -3/Section 7 | Detected hypermatrix surge 27268 | -3/Section 7 | Sensed 21 artifacts in vicinity 27420 | -3/Section 7 | Repaired Exp. Sensor Array 27457 | -3/Section 7 | Repaired Cld. Impulse Thruster 27474 | -3/Section 7 | Repaired Lrn. Missile Launcher 27544 | -3/Section 7 | Discovered exit to Research (range 28) 27603 | -3/Section 7 | Spotted S7 Guard 27660 | -3/Section 7 | Spotted B-99 Colossus 27673 | -3/Section 7 | Found LRC Energy Well 27673 | -3/Section 7 | Installed LRC Energy Well, increased energy storage capacity (+250) 27689 | -3/Section 7 | Found Integrity Redistributor 27700 | -3/Section 7 | Found Integrity Redistributor 27750 | -3/Section 7 | Activated Sigix Exoskeleton 27750 | -3/Section 7 | Received instructions from Sigix Warrior 27770 | -3/Section 7 | Spotted Executioner 27800 | -3/Section 7 | Spotted S7 Guard 27803 | -3/Section 7 | Entered Research 27803 | -2/Research | Accompanied by 1 ally (Sigix Warrior) 27803 | -2/Research | Evolved 2 slots: Propulsion x2 27816 | -2/Research | Spotted B-90 Cyclops 27931 | -2/Research | Spotted Executioner 27935 | -2/Research | Discovered new exit (range 17) 27937 | -2/Research | Build established: Machinist-Scout 27941 | -2/Research | Identified exit to Testing 27951 | -2/Research | Discovered exit to Testing (range 20) 27967 | -2/Research | Discovered new exit (range 14) 27972 | -2/Research | Used Integrity Redistributor, redistributed integrity from core (-90) 27974 | -2/Research | Identified exit to Access 27983 | -2/Research | Entered Access 27983 | -1/Access | Accompanied by 1 ally (Sigix Warrior) 27983 | -1/Access | Evolved 2 slots: Propulsion x1, Utility x1 27992 | -1/Access | Identified exit to Surface 28024 | -1/Access | Used Terrabomb 28032 | -1/Access | Used Integrity Redistributor, redistributed integrity from core (-56) 28034 | -1/Access | Used Subatomic Replicator to replicate Cld. Impulse Thruster 28038 | *** | Destroyed 0b10! Last Messages --------------- 28002_ Slug penetrates Wall. 28002_ K-01 Serf destroyed. 28016_ Quantum Shear penetrates Wall. 28017_ G-73 Enforcer unfolds itself. 28017_ I-47 Archangel unfolds itself. 28018_ S-43 Plague destroyed. 28018_ Destroyed Unknown Flight Unit. 28018_ S-43 Plague destroyed. 28021_ Slug penetrates Sigix Warrior. 28021_ K-01 Serf collects debris. 28022_ Acquired 18 matter. 28024_ Terrabomb activated. 28027_ Main Access Shell breached. 28032_ Integrity redistributed from core (-56). 28034_ Unable to initiate replication process, detached Subatomic Replicator. 28034_ Dropped Cld. Impulse Thruster. 28034_ Replicated Cld. Impulse Thruster. 28035_ Acquired Cld. Impulse Thruster. [Achievement: Partners In Destruction] Map ----- +----------------------------------------------------+ | ??????? ""?""" ## ####? # # ?? ? ??? ?????? | | ? ???? ???""? ?##? #####????+?######?#####????? | | ? ?? ?"""""" #?? # ?? ? ? ? ? ????? | | ?# ?""""?? ##?? # ? ? # ? ? ??? | | ???# """?"" ## # ? ? ? ??? ?? ? ??? | | ? # ? #?##+## ? +? ? ? ?? | | # / ? ? + ?+ ?? ? ? ## ??### | | # # ""?Y"?"? ###? # ? ????#??#? ? | | # # """"""" ?##? ?##?#?##?####+?#? ##?? ? ? | | # ################" ? ?? #### ?? | | #########" " ? ? ? ? ####?? " | | ?" "? ?" ??""#?###+####?#?#?# " | | ####""" ? "? ? ##?# " | | ###"#"" "??" ?####? ?" | | ###### # " """"""""""""# " ? ###? ? ? ? | | ##### ? # "? # ? ?? #?"?? ?" | | ##?# # # " ? ? " ? ? ##"" ? " | | ### # " "# "??""""""######?" ?? | | ### # " " """ ? ??? ? #####?T ? | | ## # " """"""""""""?"""???"?""?##?##""? | | ## # " """T"""" ?""" ? #""? ? | | # # ## " """ """" ? ? """"?BB #?" | | # ### " " """"""?"""" BB ###?? ? | | # " " " " ""?? ? ? | | # ### " " " "" " ""?" ? | | # " " @" " """? ? ? | | ### " " X" " """"? ?? ? | | ? " " """""" """"?BB ### ??# | | # " " """" BB ### # | | ## " s "ss """" ### # | | " s""""""s"s""""""""""""""""?##### ? | | " " """ ??##? ?? | | """""" " ###?? + | | " " """""""""""""""#####? #? | | = " " " g A ? ? ? #? # | | ! + " " # # | | [%= " " " """"" ?? ? ? # | | " " """"""""" ? ? + ? | | " " """"""""" ? ? # ? # | | " " " """"" ? # ?#? | | " " " ?? ?# ? ## | | " " ? ?# ? ? | | """""""""" """""""""""######### ? # | | " ! " ?? ######?#?? ?? | | " " """"""#?######?## ??? | | ##### " " #?" ???#?#?##### ??? | | # ! # " " " #####?#?## ???? | | # # " """ " ?"? ? ?+ ? ????? | | " + # " """ ""#"## ?# ? ??##??????? | | # !# + " # # ? # ?#? ???????? | +----------------------------------------------------+ Best States ------------- Heat Dissipation 64 Energy Generation 63 Energy Capacity 830 Matter Stores 300 Matter Capacity 300 Sight Range 16 Robot Scan Range 20 Terrain Scan Range 30 Terrain Scan Density 1010 ECM Strength 2 Additional Mass Support 20 Armor Coverage 600 Resistance: KI 30 Core Shielding 40 Utility Shielding 90 Evasion (%) 80 Recoil Reduction 4 Offensive Hacking 73 Defensive Hacking 45 Authchip Count 4 Item Schematics ----------------- None Robot Schematics ------------------ None Fabricated ------------ Cld. VTOL Module | x1 | -6/Factory | Authchip Cld. VTOL Module | x1 | -6/Factory | Authchip Cld. VTOL Module | x1 | -6/Factory | Authchip Cld. VTOL Module | x1 | -6/Factory | Authchip Adv. Hacking Suite | x1 | -6/Factory | Authchip Adv. Hacking Suite | x1 | -6/Factory | Authchip Cld. VTOL Module | x1 | -6/Factory Cld. VTOL Module | x1 | -6/Factory Lrn. Sensor Array | x2 | -5/Factory Exp. Utility Shielding | x1 | -5/Factory | Authchip Cld. Nuclear Pulse Thruster | x1 | -5/Factory | Authchip Cld. Nuclear Pulse Thruster | x1 | -5/Factory | Authchip Cld. Nuclear Pulse Thruster | x1 | -5/Factory Cld. Nuclear Pulse Thruster | x1 | -5/Factory Cld. Nuclear Pulse Thruster | x1 | -5/Factory | Authchip Cld. Nuclear Pulse Thruster | x1 | -5/Factory | Authchip Exp. Hacking Suite | x1 | -5/Factory | Authchip Exp. Hacking Suite | x1 | -5/Factory Exp. Hacking Suite | x1 | -4/Factory | Authchip Cld. Impulse Thruster | x1 | -4/Factory | Authchip Graviton Reactor | x1 | -4/Factory Exp. Sensor Array | x1 | -4/Factory | Authchip Exp. Terrain Scanner | x1 | -4/Factory | Authchip Exp. Terrain Scan Processor | x1 | -4/Factory | Authchip Cld. Impulse Thruster | x1 | -4/Factory | Authchip Graviton Reactor | x1 | -4/Factory Exp. Signal Interpreter | x1 | -4/Factory | Authchip Cld. Impulse Thruster | x1 | -4/Factory | Authchip Cld. Impulse Thruster | x1 | -4/Factory | Authchip Graviton Reactor | x1 | -4/Factory Quantum Shading Machine | x1 | -3/Research | Authchip Exp. Reaction Control System | x1 | -3/Research Exp. Utility Shielding | x1 | -3/Research | Authchip Cld. Impulse Thruster | x1 | -3/Research Cld. Impulse Thruster | x1 | -3/Research Repaired ---------- Lgt. Treads | 32% | -8/Materials Med. Armor Plating | 33% | -8/Materials Mak. Axe | 27% | -8/Materials Med. Treads | 74% | -8/Materials Enh. Autogun | 49% | -8/Materials Med. Treads | 50% | -8/Materials Imp. VTOL Module | 22% | -6/Factory | Broken Missile Launcher | 44% | -6/Factory Hrd. Medium Armor Plating | 5% | -6/Factory Enh. Nuclear Core | 40% | -6/Factory Cld. VTOL Module | 45% | -6/Factory Cld. VTOL Module | 26% | -6/Factory Cld. VTOL Module | 35% | -5/Factory Cld. VTOL Module | 41% | -5/Factory Cld. VTOL Module | 58% | -5/Factory Great Axe | 27% | -5/Factory Lrn. Missile Launcher | 67% | -5/Factory Enh. Nuclear Core | 50% | -5/Factory Phase Cannon | 58% | -5/Factory Cld. Nuclear Pulse Thruster | 21% | -4/Factory Cld. Nuclear Pulse Thruster | 55% | -4/Factory Cld. Nuclear Pulse Thruster | 40% | -4/Factory Lrn. Missile Launcher | 66% | -4/Factory Exp. Utility Shielding | 89% | -4/Factory Cld. Nuclear Pulse Thruster | 70% | -4/Factory Cld. Impulse Thruster | 80% | -4/Factory Phase Cannon | 70% | -4/Factory Cld. Nuclear Pulse Thruster | 24% | -4/Factory Katana | 54% | -4/Factory Cld. Nuclear Pulse Thruster | 62% | -4/Factory Cld. Impulse Thruster | 51% | -4/Factory Cld. Nuclear Pulse Thruster | 64% | -4/Factory Lrn. Missile Launcher | 37% | -3/Research Cld. Nuclear Pulse Thruster | 51% | -3/Research Graviton Reactor | 49% | -3/Research Cld. Nuclear Pulse Thruster | 67% | -3/Research Lrn. Missile Launcher | 48% | -3/Research Graviton Reactor | 28% | -3/Research Cld. Impulse Thruster | 45% | -3/Research Cld. Nuclear Pulse Thruster | 25% | -3/Research Centrium Medium Armor Plating | 28% | -3/Research Cld. Impulse Thruster | 67% | -3/Research Lrn. Missile Launcher | 22% | -3/Quarantine Exp. Sensor Array | 44% | -3/Section 7 Cld. Impulse Thruster | 74% | -3/Section 7 Lrn. Missile Launcher | 66% | -3/Section 7 Alien Tech Used ----------------- Integrated Reactor Phase Redirector Integrity Redistributor Core Reset Matrix LRC Energy Well Terrabomb Subatomic Replicator Achievements -------------- Partners In Destruction Challenges ------------ None Game ------ Seed NovaAntigravConstruct Manual? 0 Play Time 05:32:27 Cumulative 766.0 hours Start 2025.09.30 @ 22:16:25 End 2025.10.04 @ 08:12:11 Sessions 21 Manual Loads 0 Difficulty Rogue Special Mode None Game No. 388 Rogue 388 Adventurer 0 Explorer 0 Win Type 3 Total 63 Types 41/4/5/4/1/1/3/2/1/1 Lore% 92 Gallery% 86 Achievement% 91 Wizard Run 0 Options --------- Layout 0 ASCII 0 Keyboard 1 Movement Numpad Keybinds 0 Fullscreen 2 Font 18/SmallcapsGlow Map View 76x50 Zoom Use 0% Tactical HUD 1 Map Filters NONE Filters NONE Steam 1 RUN: c2488df8-2d5d-4f91-ba22-1c724d75c20b